Workbook

Sheet Stammdaten
A1: Stammdaten des Antragstellers | AN1: V. 1.0.2 | BD1: Vollst
B3: Die Daten benötigt die SAB für die Entscheidung über Ihren Antrag. Bitte tragen Sie die Daten nach bestem Wissen und Gewissen ein und laden Sie bitte die Berechnungshilfe vollständig im pdf-Format im Förderportal der SAB hoch. Subventionserhebliche Tatsachen sind mit einem Paragrafenzeichen (§) versehen. | AQ3: Hinweise/Bemerkungen
B6: Name/ Bezeichnung: | AQ6: =IF(BD6=1,"Bitte Dateneingabe vornehmen","") -> Bitte Dateneingabe vornehmen | BD6: =IF(I6="",1,0) -> 1
A9: Wirtschaftszweig | B9: Abschnitt: | AQ9: Nutzen Sie bitte das Auswahlmenü oder geben Sie Ihre Wirtschaftszweignummer direkt ein. | BF9: =IF(ISERROR(BI9),0,1) -> 1 | BG9: =I9 -> 0
B11: Abteilung:
B13: Gruppe: | AQ13: Weitere Erläuterungen und ein Stichwortverzeichnis finden Sie hier:
AQ14: Statistisches Bundesamt
B15: Klasse:
B17: Unterklasse: | BF17: =IF(I17="",0,1) -> 0
B19: Ausgewählter | J19: =IF(BF17=1,MID(I17,1,7),"") | O19: oder | R19: händische Eintragung: | AA19: . | AD19: . | AG19: (§) | AQ19: =IF(BD19=1,"Bitte Dateneingabe vornehmen","") -> Bitte Dateneingabe vornehmen | BD19: =IF(AND(J19="",AE19=""),1,0) -> 1 | BG19: =CONCATENATE(Y19,Z19,AA19,AB19,AC19,AD19,AE19) -> ..
B20: Wirtschaftszweig: | Y20: =IFERROR(VLOOKUP(BG19,WZ!G999:H1833,2,FALSE),"") | AQ20: =IF(AND(ISERROR(VLOOKUP(BG19,WZ!G999:H1833,2,FALSE)),BG19<>".."),"Händische Auswahl fehlerhaft","")
B23: Kurze Tätigkeits- beschreibung: | AQ23: =IF(BD23=1,"Bitte Dateneingabe vornehmen","") -> Bitte Dateneingabe vornehmen | BD23: =IF(I23="",1,0) -> 1
B25: Liegen weitere Tätigkeitsschwerpunkte vor (Mischbetrieb)? | AQ25: =IF(BD25=1,"Bitte Auswahl treffen","") -> Bitte Auswahl treffen | BD25: =IF(U25="",1,0) -> 1 | BF25: =IF(U25="Ja",1,0) -> 0
B27: =IF(U25="Ja","Weitere Tätigkeits-schwerpunkte:","") | AQ27: =IF(BD27=1,"Bitte Dateneingabe vornehmen","") | BD27: =IF(AND(BF25=1,I27=""),1,0) -> 0
A29: Genereller Leistungsausschluss | B29: Handelt es sich bei dem Antragsteller um ein öffentliches Unternehmen? | AE29: (§) | AQ29: =IF(BD29=1,"Bitte Auswahl treffen","") -> Bitte Auswahl treffen | BD29: =IF(AA29="",1,0) -> 1 | BE29: =IF(AA29="Ja",1,0) -> 0
B30: (Verbundene Unternehmen sind insoweit ausgeschlossen) | AQ30: Beteiligung am Unternehmen von mehr als 50% durch eine juristische Person des öffentlichen Rechts
B32: Handelt es sich bei dem Antragsteller um ein Kredit- oder Finanzinstitut? (Verbundene Unternehmen sind insoweit ausgeschlossen) | AE32: (§) | AQ32: =IF(BD32=1,"Bitte Auswahl treffen","") -> Bitte Auswahl treffen | BD32: =IF(AA32="",1,0) -> 1 | BE32: =IF(AA32="Ja",1,0) -> 0
B35: Ausgeschlossen sind Unternehmen, gegen die die Europäische Union (EU) Sanktionen verhängt hat, also etwa Unternehmen, die
B36: - in den Rechtsakten, mit denen diese Sanktionen verhängt werden, ausdrücklich genannt sind,
B37: - im Eigentum oder unter Kontrolle von Personen, Organisationen oder Einrichtungen stehen, gegen die die EU Sanktionen verhängt hat, oder
B38: - in Wirtschaftszweigen tätig sind, gegen die die EU Sanktionen verhängt hat, soweit die Beihilfen die Ziele der betreffenden Sanktionen untergraben würden.
B40: Gehört der Antragsteller zu der vorstehenden Gruppe? | AE40: (§) | AQ40: =IF(BD40=1,"Bitte Auswahl treffen","") -> Bitte Auswahl treffen | BD40: =IF(AA40="",1,0) -> 1 | BE40: =IF(AA40="Ja",1,0) -> 0
B41: (Verbundene Unternehmen sind insoweit ausgeschlossen)
B43: =IF(BD43=1,"","Ergebnis:") | F43: =IF($BD$43=1,"",IF($BE$43=1,"Genereller Leistungsausschluss","Kein Leistungsausschluss")) | BD43: =MAX(BD29:BD40) -> 1 | BE43: =MAX(BE29:BE41) -> 0
A45: Leistungsausschluss Stufe 1 | B45: Gilt der Antragsteller seit dem 01.07.2022 als Unternehmen in Schwierigkeiten? | AE45: (§) | AQ45: =IF(BD45=1,"Bitte Auswahl treffen","") -> Bitte Auswahl treffen | BD45: =IF(AA45="",1,0) -> 1 | BE45: =IF(AA45="Ja",1,0) -> 0
AQ46: Insbesondere bei Insolvenzreife oder gestelltem Insolvenzantrag
B47: =IF(BD45=1,"","Ergebnis:") | F47: =IF(BD45=1,"",IF(BE45=1,"Leistungsausschluss Stufe 1","Kein Leistungsausschluss"))
A50: Verbundene Unternehmen und Größeneinteilung | B50: Verbundene Unternehmen sind Unternehmen, die von dem Antragsteller oder von Gesellschaftern des Antragstellers beherrscht werden. Für die Gruppe der verbundenen Unternehmen kann nur ein Antrag gestellt werden. Insofern sind die Daten zu den verbundenen Unternehmen zusammengefasst in die Berechnungshilfe einzugeben, soweit kein Ausschluss vorliegt.
B53: Verbundene Unternehmen (Name und Anschrift der Geschäftsleitung) | Z53: Öffentliches Unternehmen | AD53: Kredit- oder Finanzinstitut | AH53: EU-Sanktionen | AL53: Unternehmen in Schwierigkeiten
B55: 1. | AP55: (§) | AQ55: =IF(BD55=1,"Bitte Dateneingabe vornehmen",IF(BF55=1,"Leistungsausschluss","")) | BD55: =MAX(BG55:BH55) -> 0 | BF55: =IF(OR(Z55="Ja",AD55="JA",AH55="Ja",AL55="Ja"),1,0) -> 0 | BG55: =IF(AND(C55="",OR(Z55<>"",AD55<>"",AH55<>"",AL55<>"")),1,0) -> 0 | BH55: =IF(AND(C55<>"",OR(Z55="",AD55="",AH55="",AL55="")),1,0) -> 0 | BI55: =IF(AND(C55<>"",BD55=0),1,0) -> 0
B57: 2. | AP57: (§) | AQ57: =IF(BD57=1,"Bitte Dateneingabe vornehmen",IF(BF57=1,"Leistungsausschluss","")) | BD57: =MAX(BG57:BH57) -> 0 | BF57: =IF(OR(Z57="Ja",AD57="JA",AH57="Ja",AL57="Ja"),1,0) -> 0 | BG57: =IF(AND(C57="",OR(Z57<>"",AD57<>"",AH57<>"",AL57<>"")),1,0) -> 0 | BH57: =IF(AND(C57<>"",OR(Z57="",AD57="",AH57="",AL57="")),1,0) -> 0 | BI57: =IF(AND(C57<>"",BD57=0),1,0) -> 0
B59: 3. | AP59: (§) | AQ59: =IF(BD59=1,"Bitte Dateneingabe vornehmen",IF(BF59=1,"Leistungsausschluss","")) | BD59: =MAX(BG59:BH59) -> 0 | BF59: =IF(OR(Z59="Ja",AD59="JA",AH59="Ja",AL59="Ja"),1,0) -> 0 | BG59: =IF(AND(C59="",OR(Z59<>"",AD59<>"",AH59<>"",AL59<>"")),1,0) -> 0 | BH59: =IF(AND(C59<>"",OR(Z59="",AD59="",AH59="",AL59="")),1,0) -> 0 | BI59: =IF(AND(C59<>"",BD59=0),1,0) -> 0
B61: 4. | AP61: (§) | AQ61: =IF(BD61=1,"Bitte Dateneingabe vornehmen",IF(BF61=1,"Leistungsausschluss","")) | BD61: =MAX(BG61:BH61) -> 0 | BF61: =IF(OR(Z61="Ja",AD61="JA",AH61="Ja",AL61="Ja"),1,0) -> 0 | BG61: =IF(AND(C61="",OR(Z61<>"",AD61<>"",AH61<>"",AL61<>"")),1,0) -> 0 | BH61: =IF(AND(C61<>"",OR(Z61="",AD61="",AH61="",AL61="")),1,0) -> 0 | BI61: =IF(AND(C61<>"",BD61=0),1,0) -> 0
B63: 5. | AP63: (§) | AQ63: =IF(BD63=1,"Bitte Dateneingabe vornehmen",IF(BF63=1,"Leistungsausschluss","")) | BD63: =MAX(BG63:BH63) -> 0 | BF63: =IF(OR(Z63="Ja",AD63="JA",AH63="Ja",AL63="Ja"),1,0) -> 0 | BG63: =IF(AND(C63="",OR(Z63<>"",AD63<>"",AH63<>"",AL63<>"")),1,0) -> 0 | BH63: =IF(AND(C63<>"",OR(Z63="",AD63="",AH63="",AL63="")),1,0) -> 0 | BI63: =IF(AND(C63<>"",BD63=0),1,0) -> 0
BI64: =MAX(BI55:BI63) -> 0
B66: Es bestehen weitere verbundene Unternehmen | AQ66: =IF(BD66=1,"Bitte Auswahl treffen","") -> Bitte Auswahl treffen | BD66: =IF(Z66="",1,0) -> 1
B67: Diese sind namentlichen in ggf. mehreren Berechnungsbögen der SAB zur Ermittlung des KMU-Größenmerkmals darzustellen.
B69: Sofern es sich bei einem verbundenen Unternehmen um ein öffentliches Unternehmen, ein Kredit- oder Finanzinstitut, oder um ein Unternehmen handelt, dass im Zusammenhang mit EU-Sanktionen ausgeschlossen ist, sind in den Tabellenblättern 'Betriebsstätten', 'Kostenaufstellungen' und 'Stufe 2 und 3' für das betroffene verbundene Unternehmen keine Eingaben vorzunehmen.
B71: Nach der KMU-Definition der EU werden die Unternehmen in vier Größen eingeteilt. Die Größenmerkmale können Sie den rechts verlinkten Dokumenten entnehmen. Bei der Berechnung der Schwellenwerte sind verbundene Unternehmen und Partnerunternehmen zu berücksichtigen. Sofern in den letzten beiden Jahresabschlüssen die Schwellenwerte entweder über- oder unterschritten wurden, erfolgt eine entsprechende Neueinstufung. | AQ71: Weitere Informationen finden Sie hier:
AQ72: KMU Informationsblatt
AQ73: KMU-Bewertung | AW73: Berechnungsbogen
B75: Auswahl des Größenmerkmals: | X75: (§) | AQ75: =IF(BD75=1,"Bitte Auswahl treffen","") -> Bitte Auswahl treffen | BD75: =IF(M75="",1,0) -> 1 | BF75: =IFERROR(VLOOKUP(M75,I_SV!P3:Q6,2,FALSE),0) -> 0
B77: Ergebnis: | M77: =IF(BF75>0,IF(BF75=4,"Leistungsausschluss Stufe 1 und 2","Kein Leistungsausschluss"),"")
M78: =IF(BF75=4,"Ein Antrag für die Härtefallkommission-Stufe 3 (s. Tabelle 'Stufe 2 und 3') ist möglich","")
A80: Ergänzende Daten zur Evaluierung (Antragsteller und verbundene Unternehmen) | B80: Mitarbeiterzahl per 31.12.2022: | AJ80: Vollzeiteinheiten | AQ80: =IF(BD80=1,"Bitte Dateneingabe vornehmen","") -> Bitte Dateneingabe vornehmen | BD80: =IF(AE80="",1,0) -> 1
B82: Umrechnung von Teilzeitkräften: Beschäftigte bis 20 Stunden = Faktor 0,5, Beschäftigte bis 30 Stunden = Faktor 0,75, Beschäftigte über 30 Stunden = Faktor 1,
B83: Beschäftigte auf 450 Euro-Basis, Auszubildende = Faktor 0,3
B85: Höhe der erhaltenen Dezember-Hilfe für leitungsgebundenes Erdgas | AQ85: =IF(BD85=1,"Bitte Dateneingabe vornehmen","") -> Bitte Dateneingabe vornehmen | BD85: =IF(AE85="",1,0) -> 1
B87: Höhe der erhaltenen Dezember-Hilfe für Fernwärme | AQ87: =IF(BD87=1,"Bitte Dateneingabe vornehmen","") -> Bitte Dateneingabe vornehmen | BD87: =IF(AE87="",1,0) -> 1
B89: Erfolgte ein Wechsel von leitungsgebundenem Gas oder Strom zu einem anderen, leitungsungebundenen Energieträger in 2022? | AQ89: =IF(BD89=1,"Bitte Auswahl treffen","") -> Bitte Auswahl treffen | BD89: =IF(AE89="",1,0) -> 1
B92: Eigenproduziert das Unternehmen Wärme aus erneuerbaren Energien? | AQ92: =IF(BD92=1,"Bitte Auswahl treffen","") -> Bitte Auswahl treffen | BD92: =IF(AE92="",1,0) -> 1
B94: Nimmt das Unternehmen von anderen naheliegenden Betrieben direkt Strom oder Wärme aus erneuerbaren Energien ab? | AQ94: =IF(BD94=1,"Bitte Auswahl treffen","") -> Bitte Auswahl treffen | BD94: =IF(AE94="",1,0) -> 1
B97: Eigenerzeugter Strom aus erneuerbaren Energien 2022 | AQ97: =IF(BD97=1,"Bitte Dateneingabe vornehmen","") -> Bitte Dateneingabe vornehmen | BD97: =IF(AE97="",1,0) -> 1
B99: Voraussichtliches betriebliches Investitionsvolumen der Jahre 2022 bis 2024 in erneuerbare Energien oder Energieeffizienz | AQ99: =IF(BD99=1,"Bitte Dateneingabe vornehmen","") -> Bitte Dateneingabe vornehmen | BD99: =IF(AE99="",1,0) -> 1
A102: Sonstige Anmerkungen
A103: (optional)
BD118: =MAX(BD5:BD117) -> 1

Sheet Betriebsstätten
A1: Stammdaten zu den sächsischen Betriebsstätten | L1: =Stammdaten!AN1 -> V. 1.0.2
A3: Bitte tragen Sie hier die Daten zu den sächsischen Betriebsstätten und in der nachstehenden Zusammenfassung die Werte zu den nicht-sächsischen Betriebsstätten ein. Bei einem Weiterverkauf von Energieträgern von mehr als 5% in 2022 werden die Daten der jeweiligen Betriebsstätte für die weitere Berechnung nicht zugrunde gelegt.
A5: Wie erfolgt die Trennung der Umsätze und Energiekosten zwischen den Betriebsstätten? | H5: (§) | I5: =IF(P5=1,"Bitte Auswahl treffen","") -> Bitte Auswahl treffen | P5: =IF(F5="",1,0) -> 1 | Q5: =IFERROR(VLOOKUP(F5,I_SV!A37:B40,2,FALSE),0) -> 0 | R5: =IF(F5="",1,0) -> 1 | T5: =P5 -> 1
G7: Übernahme für die weitere Berechnung, sofern kein Weiterverkauf
A8: (§) Antragsteller oder verbundenes Unternehmen | B8: Betriebsst.- Nr. | C8: (§) Anschrift (Straße und Hausnummer, PLZ und Ort) | D8: (§) Art der Betriebsstätte nach § 12 AO i.V.m. § 28 GewStG | E8: (§) Weiterverkauf von Energieträgern in 2022 zu mehr als 5% | F8: ggf. abweichender Tätigkeitsschwerpunkt ggü. dem angegebenen Wirtschaftszweig | G8: (§) Umsatz nach § 1 Abs. 1 Nr. 1 UStG (Sollbesteuerung) | I8: (§) Gesamte Energiekosten inkl. Treibstoffe | K8: (§) Summe der Arbeitslöhne nach § 29 GewStG | N8: Hinweise
G9: 2021 | H9: 2022 | I9: 2021 | J9: 2022 | K9: 2021 | L9: 2022
B11: 1 | N11: =IF(T11=1,"Dateneingabe unvollständig","") | P11: =IF(E11="Ja",1,0) -> 0 | Q11: =IF(AND(SUM(G11:L11)<>0,OR(A11="",C11="",D11="",E11="")),1,IF(AND(OR(G11="",H11="",I11="",J11=""),OR(A11<>"",C11<>"",D11<>"",E11<>"")),1,0)) -> 0 | R11: =IF(AND($Q$5=3,SUM(G11:J11)>0,OR(K11="",L11="")),1,0) -> 0 | T11: =IF(AND(SUM(G11:J11)>0,OR(G11="",H11="",I11="",J11="",Q11=1,R11=1)),1,0) -> 0
B12: 2 | N12: =IF(T12=1,"Dateneingabe unvollständig","") | P12: =IF(E12="Ja",1,0) -> 0 | Q12: =IF(AND(SUM(G12:L12)<>0,OR(A12="",C12="",D12="",E12="")),1,IF(AND(OR(G12="",H12="",I12="",J12=""),OR(A12<>"",C12<>"",D12<>"",E12<>"")),1,0)) -> 0 | R12: =IF(AND($Q$5=3,OR(K12="",L12="")),1,0) -> 0 | T12: =IF(AND(SUM(G12:J12)>0,OR(G12="",H12="",I12="",J12="",Q12=1,R12=1)),1,0) -> 0
B13: 3 | N13: =IF(T13=1,"Dateneingabe unvollständig","") | P13: =IF(E13="Ja",1,0) -> 0 | Q13: =IF(AND(SUM(G13:L13)<>0,OR(A13="",C13="",D13="",E13="")),1,IF(AND(OR(G13="",H13="",I13="",J13=""),OR(A13<>"",C13<>"",D13<>"",E13<>"")),1,0)) -> 0 | R13: =IF(AND($Q$5=3,OR(K13="",L13="")),1,0) -> 0 | T13: =IF(AND(SUM(G13:J13)>0,OR(G13="",H13="",I13="",J13="",Q13=1,R13=1)),1,0) -> 0
B14: 4 | N14: =IF(T14=1,"Dateneingabe unvollständig","") | P14: =IF(E14="Ja",1,0) -> 0 | Q14: =IF(AND(SUM(G14:L14)<>0,OR(A14="",C14="",D14="",E14="")),1,IF(AND(OR(G14="",H14="",I14="",J14=""),OR(A14<>"",C14<>"",D14<>"",E14<>"")),1,0)) -> 0 | R14: =IF(AND($Q$5=3,OR(K14="",L14="")),1,0) -> 0 | T14: =IF(AND(SUM(G14:J14)>0,OR(G14="",H14="",I14="",J14="",Q14=1,R14=1)),1,0) -> 0
B15: 5 | N15: =IF(T15=1,"Dateneingabe unvollständig","") | P15: =IF(E15="Ja",1,0) -> 0 | Q15: =IF(AND(SUM(G15:L15)<>0,OR(A15="",C15="",D15="",E15="")),1,IF(AND(OR(G15="",H15="",I15="",J15=""),OR(A15<>"",C15<>"",D15<>"",E15<>"")),1,0)) -> 0 | R15: =IF(AND($Q$5=3,OR(K15="",L15="")),1,0) -> 0 | T15: =IF(AND(SUM(G15:J15)>0,OR(G15="",H15="",I15="",J15="",Q15=1,R15=1)),1,0) -> 0
B16: 6 | N16: =IF(T16=1,"Dateneingabe unvollständig","") | P16: =IF(E16="Ja",1,0) -> 0 | Q16: =IF(AND(SUM(G16:L16)<>0,OR(A16="",C16="",D16="",E16="")),1,IF(AND(OR(G16="",H16="",I16="",J16=""),OR(A16<>"",C16<>"",D16<>"",E16<>"")),1,0)) -> 0 | R16: =IF(AND($Q$5=3,OR(K16="",L16="")),1,0) -> 0 | T16: =IF(AND(SUM(G16:J16)>0,OR(G16="",H16="",I16="",J16="",Q16=1,R16=1)),1,0) -> 0
B17: 7 | N17: =IF(T17=1,"Dateneingabe unvollständig","") | P17: =IF(E17="Ja",1,0) -> 0 | Q17: =IF(AND(SUM(G17:L17)<>0,OR(A17="",C17="",D17="",E17="")),1,IF(AND(OR(G17="",H17="",I17="",J17=""),OR(A17<>"",C17<>"",D17<>"",E17<>"")),1,0)) -> 0 | R17: =IF(AND($Q$5=3,OR(K17="",L17="")),1,0) -> 0 | T17: =IF(AND(SUM(G17:J17)>0,OR(G17="",H17="",I17="",J17="",Q17=1,R17=1)),1,0) -> 0
B18: 8 | N18: =IF(T18=1,"Dateneingabe unvollständig","") | P18: =IF(E18="Ja",1,0) -> 0 | Q18: =IF(AND(SUM(G18:L18)<>0,OR(A18="",C18="",D18="",E18="")),1,IF(AND(OR(G18="",H18="",I18="",J18=""),OR(A18<>"",C18<>"",D18<>"",E18<>"")),1,0)) -> 0 | R18: =IF(AND($Q$5=3,OR(K18="",L18="")),1,0) -> 0 | T18: =IF(AND(SUM(G18:J18)>0,OR(G18="",H18="",I18="",J18="",Q18=1,R18=1)),1,0) -> 0
B19: 9 | N19: =IF(T19=1,"Dateneingabe unvollständig","") | P19: =IF(E19="Ja",1,0) -> 0 | Q19: =IF(AND(SUM(G19:L19)<>0,OR(A19="",C19="",D19="",E19="")),1,IF(AND(OR(G19="",H19="",I19="",J19=""),OR(A19<>"",C19<>"",D19<>"",E19<>"")),1,0)) -> 0 | R19: =IF(AND($Q$5=3,OR(K19="",L19="")),1,0) -> 0 | T19: =IF(AND(SUM(G19:J19)>0,OR(G19="",H19="",I19="",J19="",Q19=1,R19=1)),1,0) -> 0
B20: 10 | N20: =IF(T20=1,"Dateneingabe unvollständig","") | P20: =IF(E20="Ja",1,0) -> 0 | Q20: =IF(AND(SUM(G20:L20)<>0,OR(A20="",C20="",D20="",E20="")),1,IF(AND(OR(G20="",H20="",I20="",J20=""),OR(A20<>"",C20<>"",D20<>"",E20<>"")),1,0)) -> 0 | R20: =IF(AND($Q$5=3,OR(K20="",L20="")),1,0) -> 0 | T20: =IF(AND(SUM(G20:J20)>0,OR(G20="",H20="",I20="",J20="",Q20=1,R20=1)),1,0) -> 0
B21: 11 | N21: =IF(T21=1,"Dateneingabe unvollständig","") | P21: =IF(E21="Ja",1,0) -> 0 | Q21: =IF(AND(SUM(G21:L21)<>0,OR(A21="",C21="",D21="",E21="")),1,IF(AND(OR(G21="",H21="",I21="",J21=""),OR(A21<>"",C21<>"",D21<>"",E21<>"")),1,0)) -> 0 | R21: =IF(AND($Q$5=3,OR(K21="",L21="")),1,0) -> 0 | T21: =IF(AND(SUM(G21:J21)>0,OR(G21="",H21="",I21="",J21="",Q21=1,R21=1)),1,0) -> 0
B22: 12 | N22: =IF(T22=1,"Dateneingabe unvollständig","") | P22: =IF(E22="Ja",1,0) -> 0 | Q22: =IF(AND(SUM(G22:L22)<>0,OR(A22="",C22="",D22="",E22="")),1,IF(AND(OR(G22="",H22="",I22="",J22=""),OR(A22<>"",C22<>"",D22<>"",E22<>"")),1,0)) -> 0 | R22: =IF(AND($Q$5=3,OR(K22="",L22="")),1,0) -> 0 | T22: =IF(AND(SUM(G22:J22)>0,OR(G22="",H22="",I22="",J22="",Q22=1,R22=1)),1,0) -> 0
B23: 13 | N23: =IF(T23=1,"Dateneingabe unvollständig","") | P23: =IF(E23="Ja",1,0) -> 0 | Q23: =IF(AND(SUM(G23:L23)<>0,OR(A23="",C23="",D23="",E23="")),1,IF(AND(OR(G23="",H23="",I23="",J23=""),OR(A23<>"",C23<>"",D23<>"",E23<>"")),1,0)) -> 0 | R23: =IF(AND($Q$5=3,OR(K23="",L23="")),1,0) -> 0 | T23: =IF(AND(SUM(G23:J23)>0,OR(G23="",H23="",I23="",J23="",Q23=1,R23=1)),1,0) -> 0
... B30: 20 | N30: =IF(T30=1,"Dateneingabe unvollständig","") | P30: =IF(E30="Ja",1,0) -> 0 | Q30: =IF(AND(SUM(G30:L30)<>0,OR(A30="",C30="",D30="",E30="")),1,IF(AND(OR(G30="",H30="",I30="",J30=""),OR(A30<>"",C30<>"",D30<>"",E30<>"")),1,0)) -> 0 | R30: =IF(AND($Q$5=3,OR(K30="",L30="")),1,0) -> 0 | T30: =IF(AND(SUM(G30:J30)>0,OR(G30="",H30="",I30="",J30="",Q30=1,R30=1)),1,0) -> 0
A31: Antragsteller | B31: A1 | C31: Weitere Betriebsstätten, die Energieträger nicht weiterverkaufen, laut gesonderter Aufstellung | N31: =IF(T31=1,"Dateneingabe unvollständig","") | P31: 0 | R31: =IF(AND($Q$5=3,OR(K31="",L31="")),1,0) -> 0 | T31: =IF(AND(SUM(G31:J31)>0,OR(G31="",H31="",I31="",J31="",R31=1)),1,0) -> 0
A32: Verbundenes Unternehmen 1 | B32: A2 | C32: Weitere Betriebsstätten, die Energieträger nicht weiterverkaufen, laut gesonderter Aufstellung | N32: =IF(T32=1,"Dateneingabe unvollständig","") | P32: 0 | R32: =IF(AND($Q$5=3,OR(K32="",L32="")),1,0) -> 0 | T32: =IF(AND(SUM(G32:J32)>0,OR(G32="",H32="",I32="",J32="",R32=1)),1,0) -> 0
A33: Verbundenes Unternehmen 2 | B33: A3 | C33: Weitere Betriebsstätten, die Energieträger nicht weiterverkaufen, laut gesonderter Aufstellung | N33: =IF(T33=1,"Dateneingabe unvollständig","") | P33: 0 | R33: =IF(AND($Q$5=3,OR(K33="",L33="")),1,0) -> 0 | T33: =IF(AND(SUM(G33:J33)>0,OR(G33="",H33="",I33="",J33="",R33=1)),1,0) -> 0
A34: Verbundenes Unternehmen 3 | B34: A4 | C34: Weitere Betriebsstätten, die Energieträger nicht weiterverkaufen, laut gesonderter Aufstellung | N34: =IF(T34=1,"Dateneingabe unvollständig","") | P34: 0 | R34: =IF(AND($Q$5=3,OR(K34="",L34="")),1,0) -> 0 | T34: =IF(AND(SUM(G34:J34)>0,OR(G34="",H34="",I34="",J34="",R34=1)),1,0) -> 0
A35: Verbundenes Unternehmen 4 | B35: A5 | C35: Weitere Betriebsstätten, die Energieträger nicht weiterverkaufen, laut gesonderter Aufstellung | N35: =IF(T35=1,"Dateneingabe unvollständig","") | P35: 0 | R35: =IF(AND($Q$5=3,OR(K35="",L35="")),1,0) -> 0 | T35: =IF(AND(SUM(G35:J35)>0,OR(G35="",H35="",I35="",J35="",R35=1)),1,0) -> 0
A36: Verbundenes Unternehmen 5 | B36: A6 | C36: Weitere Betriebsstätten, die Energieträger nicht weiterverkaufen, laut gesonderter Aufstellung | N36: =IF(T36=1,"Dateneingabe unvollständig","") | P36: 0 | R36: =IF(AND($Q$5=3,OR(K36="",L36="")),1,0) -> 0 | T36: =IF(AND(SUM(G36:J36)>0,OR(G36="",H36="",I36="",J36="",R36=1)),1,0) -> 0
A37: Summen ohne Betriebsstätten mit Weiterverkauf von mehr als 5% der in 2022 erworbenen Energieträger (§) | G37: =SUMIFS(G$11:G$36,$P$11:$P$36,0) -> 0 | H37: =SUMIFS(H$11:H$36,$P$11:$P$36,0) -> 0 | I37: =SUMIFS(I$11:I$36,$P$11:$P$36,0) -> 0 | J37: =SUMIFS(J$11:J$36,$P$11:$P$36,0) -> 0 | K37: =SUMIFS(K$11:K$36,$P$11:$P$36,0) -> 0 | L37: =SUMIFS(L$11:L$36,$P$11:$P$36,0) -> 0 | N37: =IF(T37=1,"Dateneingabe unvollständig","") -> Dateneingabe unvollständig | P37: =SUM(G37+G39) -> 0 | Q37: =H37+H39 -> 0 | T37: =IF(SUM(G37:J37)=0,1,0) -> 1
P38: =I37+I39 -> 0 | Q38: =J37+J39 -> 0
A39: Nachrichtlich: Summen der Betriebsstätten mit Weiterverkauf von mehr als 5%, die für die weitere Berechnung nicht berücksichtigt werden | G39: =SUMIFS(G$11:G$36,$P$11:$P$36,1) -> 0 | H39: =SUMIFS(H$11:H$36,$P$11:$P$36,1) -> 0 | I39: =SUMIFS(I$11:I$36,$P$11:$P$36,1) -> 0 | J39: =SUMIFS(J$11:J$36,$P$11:$P$36,1) -> 0 | K39: =SUMIFS(K$11:K$36,$P$11:$P$36,1) -> 0 | L39: =SUMIFS(L$11:L$36,$P$11:$P$36,1) -> 0
F41: Zusammenfassung der Daten nach Antragsteller und verbundenem Unternehmen
F42: Bitte tragen Sie in die gelben Felder die zusammengefassten Daten der nicht-sächsischen Betriebsstätten ein.
G44: Umsatz | I44: Gesamte Energiekosten | K44: Summe der Arbeitslöhne
G45: 2021 | H45: 2022 | I45: 2021 | J45: 2022 | K45: 2021 | L45: 2022
F47: Antragsteller
F48: Nicht-sächsische Betriebsstätten (§) | N48: =IF(R48=1,"Dateneingabe unvollständig","") | P48: =IF(AND(P50>0,$Q$5<>4,OR(G48="",H48="",I48="",J48="")),1,0) -> 0 | Q48: =IF(AND(P50>0,$Q$5=3,OR(K48="",L48="")),1,0) -> 0 | R48: =MAX(P48:Q48) -> 0 | T48: =R48 -> 0
F49: Sächsische Betriebsstätten | G49: =SUMIFS(G$11:G$36,$A$11:$A$36,"Antragsteller",$P$11:$P$36,0) -> 0 | H49: =SUMIFS(H$11:H$36,$A$11:$A$36,"Antragsteller",$P$11:$P$36,0) -> 0 | I49: =SUMIFS(I$11:I$36,$A$11:$A$36,"Antragsteller",$P$11:$P$36,0) -> 0 | J49: =SUMIFS(J$11:J$36,$A$11:$A$36,"Antragsteller",$P$11:$P$36,0) -> 0 | K49: =SUMIFS(K$11:K$36,$A$11:$A$36,"Antragsteller",$P$11:$P$36,0) -> 0 | L49: =SUMIFS(L$11:L$36,$A$11:$A$36,"Antragsteller",$P$11:$P$36,0) -> 0
F50: Insgesamt | G50: =SUM(G48:G49) -> 0 | H50: =SUM(H48:H49) -> 0 | I50: =SUM(I48:I49) -> 0 | J50: =SUM(J48:J49) -> 0 | K50: =SUM(K48:K49) -> 0 | L50: =SUM(L48:L49) -> 0 | P50: =SUM(G50:L50) -> 0
F51: Anteil sächsischer Betriebsstätten | G51: =IFERROR(ROUND(G49/G50,4),"") | H51: =IFERROR(ROUND(H49/H50,4),"") | I51: =IFERROR(ROUND(I49/I50,4),"") | J51: =IFERROR(ROUND(J49/J50,4),"") | K51: =IF($Q$5=3,IFERROR(ROUND(K49/K50,4),""),"") | L51: =IF($Q$5=3,IFERROR(ROUND(L49/L50,4),""),"") | N51: =IFERROR(IF(AND($Q$5=3,MAX(P51:Q51)=1),"Aufteilung unstimmig",""),"") | P51: =IF(AND($Q$5=3,((G51+I51)/2)<>K51),1,0) -> #VALUE! | Q51: =IF(AND($Q$5=3,((H51+J51)/2)<>L51),1,0) -> #VALUE! | R51: =IF(AND($Q$5=3,K48<>"",L48<>""),1,0) -> 0
F53: Verbundenes Unternehmen 1 | G53: s. Tabelle 'Stammdaten'
F54: Nicht-sächsische Betriebsstätten (§) | N54: =IF(R54=1,"Dateneingabe unvollständig","") | P54: =IF(AND(P56>0,$Q$5<>4,OR(G54="",H54="",I54="",J54="")),1,0) -> 0 | Q54: =IF(AND(P56>0,$Q$5=3,OR(K54="",L54="")),1,0) -> 0 | R54: =MAX(P54:Q54) -> 0 | T54: =R54 -> 0
F55: Sächsische Betriebsstätten | G55: =SUMIFS(G$11:G$36,$A$11:$A$36,"Verbundenes Unternehmen 1",$P$11:$P$36,0) -> 0 | H55: =SUMIFS(H$11:H$36,$A$11:$A$36,"Verbundenes Unternehmen 1",$P$11:$P$36,0) -> 0 | I55: =SUMIFS(I$11:I$36,$A$11:$A$36,"Verbundenes Unternehmen 1",$P$11:$P$36,0) -> 0 | J55: =SUMIFS(J$11:J$36,$A$11:$A$36,"Verbundenes Unternehmen 1",$P$11:$P$36,0) -> 0 | K55: =SUMIFS(K$11:K$36,$A$11:$A$36,"Verbundenes Unternehmen 1",$P$11:$P$36,0) -> 0 | L55: =SUMIFS(L$11:L$36,$A$11:$A$36,"Verbundenes Unternehmen 1",$P$11:$P$36,0) -> 0
F56: Insgesamt | G56: =SUM(G54:G55) -> 0 | H56: =SUM(H54:H55) -> 0 | I56: =SUM(I54:I55) -> 0 | J56: =SUM(J54:J55) -> 0 | K56: =SUM(K54:K55) -> 0 | L56: =SUM(L54:L55) -> 0 | P56: =IF(AND($Q$5<>4,SUM(G56:L56)>0),SUM(G56:L56),0) -> 0
F57: Anteil sächsischer Betriebsstätten | G57: =IFERROR(ROUND(G55/G56,4),"") | H57: =IFERROR(ROUND(H55/H56,4),"") | I57: =IFERROR(ROUND(I55/I56,4),"") | J57: =IFERROR(ROUND(J55/J56,4),"") | K57: =IFERROR(ROUND(K55/K56,4),"") | L57: =IFERROR(ROUND(L55/L56,4),"") | N57: =IFERROR(IF(AND($Q$5=3,MAX(P57:Q57)=1),"Aufteilung unstimmig",""),"") | P57: =IF(((G57+I57)/2)<>K57,1,0) -> #VALUE! | Q57: =IF(((H57+J57)/2)<>L57,1,0) -> #VALUE! | R57: =IF(AND($Q$5=3,K54<>"",L54<>""),1,0) -> 0
F59: Verbundenes Unternehmen 2 | G59: s. Tabelle 'Stammdaten'
F60: Nicht-sächsische Betriebsstätten (§) | N60: =IF(R60=1,"Dateneingabe unvollständig","") | P60: =IF(AND(P62>0,$Q$5<>4,OR(G60="",H60="",I60="",J60="")),1,0) -> 0 | Q60: =IF(AND(P62>0,$Q$5=3,OR(K60="",L60="")),1,0) -> 0 | R60: =MAX(P60:Q60) -> 0 | T60: =R60 -> 0
F61: Sächsische Betriebsstätten | G61: =SUMIFS(G$11:G$36,$A$11:$A$36,"Verbundenes Unternehmen 2",$P$11:$P$36,0) -> 0 | H61: =SUMIFS(H$11:H$36,$A$11:$A$36,"Verbundenes Unternehmen 2",$P$11:$P$36,0) -> 0 | I61: =SUMIFS(I$11:I$36,$A$11:$A$36,"Verbundenes Unternehmen 2",$P$11:$P$36,0) -> 0 | J61: =SUMIFS(J$11:J$36,$A$11:$A$36,"Verbundenes Unternehmen 2",$P$11:$P$36,0) -> 0 | K61: =SUMIFS(K$11:K$36,$A$11:$A$36,"Verbundenes Unternehmen 2",$P$11:$P$36,0) -> 0 | L61: =SUMIFS(L$11:L$36,$A$11:$A$36,"Verbundenes Unternehmen 2",$P$11:$P$36,0) -> 0
F62: Insgesamt | G62: =SUM(G60:G61) -> 0 | H62: =SUM(H60:H61) -> 0 | I62: =SUM(I60:I61) -> 0 | J62: =SUM(J60:J61) -> 0 | K62: =SUM(K60:K61) -> 0 | L62: =SUM(L60:L61) -> 0 | P62: =IF(AND($Q$5<>4,SUM(G62:L62)>0),SUM(G62:L62),0) -> 0
F63: Anteil sächsischer Betriebsstätten | G63: =IFERROR(ROUND(G61/G62,4),"") | H63: =IFERROR(ROUND(H61/H62,4),"") | I63: =IFERROR(ROUND(I61/I62,4),"") | J63: =IFERROR(ROUND(J61/J62,4),"") | K63: =IFERROR(ROUND(K61/K62,4),"") | L63: =IFERROR(ROUND(L61/L62,4),"") | N63: =IFERROR(IF(AND($Q$5=3,MAX(P63:Q63)=1),"Aufteilung unstimmig",""),"") | P63: =IF(((G63+I63)/2)<>K63,1,0) -> #VALUE! | Q63: =IF(((H63+J63)/2)<>L63,1,0) -> #VALUE! | R63: =IF(AND($Q$5=3,K60<>"",L60<>""),1,0) -> 0
F65: Verbundenes Unternehmen 3 | G65: s. Tabelle 'Stammdaten'
F66: Nicht-sächsische Betriebsstätten (§) | N66: =IF(R66=1,"Dateneingabe unvollständig","") | P66: =IF(AND(P68>0,$Q$5<>4,OR(G66="",H66="",I66="",J66="")),1,0) -> 0 | Q66: =IF(AND(P68>0,$Q$5=3,OR(K66="",L66="")),1,0) -> 0 | R66: =MAX(P66:Q66) -> 0 | T66: =R66 -> 0
F67: Sächsische Betriebsstätten | G67: =SUMIFS(G$11:G$36,$A$11:$A$36,"Verbundenes Unternehmen 3",$P$11:$P$36,0) -> 0 | H67: =SUMIFS(H$11:H$36,$A$11:$A$36,"Verbundenes Unternehmen 3",$P$11:$P$36,0) -> 0 | I67: =SUMIFS(I$11:I$36,$A$11:$A$36,"Verbundenes Unternehmen 3",$P$11:$P$36,0) -> 0 | J67: =SUMIFS(J$11:J$36,$A$11:$A$36,"Verbundenes Unternehmen 3",$P$11:$P$36,0) -> 0 | K67: =SUMIFS(K$11:K$36,$A$11:$A$36,"Verbundenes Unternehmen 3",$P$11:$P$36,0) -> 0 | L67: =SUMIFS(L$11:L$36,$A$11:$A$36,"Verbundenes Unternehmen 3",$P$11:$P$36,0) -> 0
F68: Insgesamt | G68: =SUM(G66:G67) -> 0 | H68: =SUM(H66:H67) -> 0 | I68: =SUM(I66:I67) -> 0 | J68: =SUM(J66:J67) -> 0 | K68: =SUM(K66:K67) -> 0 | L68: =SUM(L66:L67) -> 0 | P68: =IF(AND($Q$5<>4,SUM(G68:L68)>0),SUM(G68:L68),0) -> 0
F69: Anteil sächsischer Betriebsstätten | G69: =IFERROR(ROUND(G67/G68,4),"") | H69: =IFERROR(ROUND(H67/H68,4),"") | I69: =IFERROR(ROUND(I67/I68,4),"") | J69: =IFERROR(ROUND(J67/J68,4),"") | K69: =IFERROR(ROUND(K67/K68,4),"") | L69: =IFERROR(ROUND(L67/L68,4),"") | N69: =IFERROR(IF(AND($Q$5=3,MAX(P69:Q69)=1),"Aufteilung unstimmig",""),"") | P69: =IF(((G69+I69)/2)<>K69,1,0) -> #VALUE! | Q69: =IF(((H69+J69)/2)<>L69,1,0) -> #VALUE! | R69: =IF(AND($Q$5=3,K66<>"",L66<>""),1,0) -> 0
F71: Verbundenes Unternehmen 4 | G71: s. Tabelle 'Stammdaten'
F72: Nicht-sächsische Betriebsstätten (§) | G72: 0 | H72: 0 | I72: 0 | J72: 0 | N72: =IF(R72=1,"Dateneingabe unvollständig","") | P72: =IF(AND(P74>0,$Q$5<>4,OR(G72="",H72="",I72="",J72="")),1,0) -> 0 | Q72: =IF(AND(P74>0,$Q$5=3,OR(K72="",L72="")),1,0) -> 0 | R72: =MAX(P72:Q72) -> 0 | T72: =R72 -> 0
F73: Sächsische Betriebsstätten | G73: =SUMIFS(G$11:G$36,$A$11:$A$36,"Verbundenes Unternehmen 4",$P$11:$P$36,0) -> 0 | H73: =SUMIFS(H$11:H$36,$A$11:$A$36,"Verbundenes Unternehmen 4",$P$11:$P$36,0) -> 0 | I73: =SUMIFS(I$11:I$36,$A$11:$A$36,"Verbundenes Unternehmen 4",$P$11:$P$36,0) -> 0 | J73: =SUMIFS(J$11:J$36,$A$11:$A$36,"Verbundenes Unternehmen 4",$P$11:$P$36,0) -> 0 | K73: =SUMIFS(K$11:K$36,$A$11:$A$36,"Verbundenes Unternehmen 4",$P$11:$P$36,0) -> 0 | L73: =SUMIFS(L$11:L$36,$A$11:$A$36,"Verbundenes Unternehmen 4",$P$11:$P$36,0) -> 0
F74: Insgesamt | G74: =SUM(G72:G73) -> 0 | H74: =SUM(H72:H73) -> 0 | I74: =SUM(I72:I73) -> 0 | J74: =SUM(J72:J73) -> 0 | K74: =SUM(K72:K73) -> 0 | L74: =SUM(L72:L73) -> 0 | P74: =IF(AND($Q$5<>4,SUM(G74:L74)>0),SUM(G74:L74),0) -> 0
F75: Anteil sächsischer Betriebsstätten | G75: =IFERROR(ROUND(G73/G74,4),"") | H75: =IFERROR(ROUND(H73/H74,4),"") | I75: =IFERROR(ROUND(I73/I74,4),"") | J75: =IFERROR(ROUND(J73/J74,4),"") | K75: =IFERROR(ROUND(K73/K74,4),"") | L75: =IFERROR(ROUND(L73/L74,4),"") | N75: =IFERROR(IF(AND($Q$5=3,MAX(P75:Q75)=1),"Aufteilung unstimmig",""),"") | P75: =IF(((G75+I75)/2)<>K75,1,0) -> #VALUE! | Q75: =IF(((H75+J75)/2)<>L75,1,0) -> #VALUE! | R75: =IF(AND($Q$5=3,K72<>"",L72<>""),1,0) -> 0
F77: Verbundenes Unternehmen 5 | G77: s. Tabelle 'Stammdaten'
F78: Nicht-sächsische Betriebsstätten (§) | G78: 0 | H78: 0 | I78: 0 | J78: 0 | N78: =IF(R78=1,"Dateneingabe unvollständig","") | P78: =IF(AND(P80>0,$Q$5<>4,OR(G78="",H78="",I78="",J78="")),1,0) -> 0 | Q78: =IF(AND(P80>0,$Q$5=3,OR(K78="",L78="")),1,0) -> 0 | R78: =MAX(P78:Q78) -> 0 | T78: =R78 -> 0
F79: Sächsische Betriebsstätten | G79: =SUMIFS(G$11:G$36,$A$11:$A$36,"Verbundenes Unternehmen 5",$P$11:$P$36,0) -> 0 | H79: =SUMIFS(H$11:H$36,$A$11:$A$36,"Verbundenes Unternehmen 5",$P$11:$P$36,0) -> 0 | I79: =SUMIFS(I$11:I$36,$A$11:$A$36,"Verbundenes Unternehmen 5",$P$11:$P$36,0) -> 0 | J79: =SUMIFS(J$11:J$36,$A$11:$A$36,"Verbundenes Unternehmen 5",$P$11:$P$36,0) -> 0 | K79: =SUMIFS(K$11:K$36,$A$11:$A$36,"Verbundenes Unternehmen 5",$P$11:$P$36,0) -> 0 | L79: =SUMIFS(L$11:L$36,$A$11:$A$36,"Verbundenes Unternehmen 5",$P$11:$P$36,0) -> 0
F80: Insgesamt | G80: =SUM(G78:G79) -> 0 | H80: =SUM(H78:H79) -> 0 | I80: =SUM(I78:I79) -> 0 | J80: =SUM(J78:J79) -> 0 | K80: =SUM(K78:K79) -> 0 | L80: =SUM(L78:L79) -> 0 | P80: =IF(AND($Q$5<>4,SUM(G80:L80)>0),SUM(G80:L80),0) -> 0
F81: Anteil sächsischer Betriebsstätten | G81: =IFERROR(ROUND(G79/G80,4),"") | H81: =IFERROR(ROUND(H79/H80,4),"") | I81: =IFERROR(ROUND(I79/I80,4),"") | J81: =IFERROR(ROUND(J79/J80,4),"") | K81: =IFERROR(ROUND(K79/K80,4),"") | L81: =IFERROR(ROUND(L79/L80,4),"") | N81: =IFERROR(IF(AND($Q$5=3,MAX(P81:Q81)=1),"Aufteilung unstimmig",""),"") | P81: =IF(((G81+I81)/2)<>K81,1,0) -> #VALUE! | Q81: =IF(((H81+J81)/2)<>L81,1,0) -> #VALUE! | R81: =IF(AND($Q$5=3,K78<>"",L78<>""),1,0) -> 0
T82: =MAX(T5:T81) -> 1

Sheet Kostenaufstellungen
A1: Aufstellung der leistungsberechtigten Kosten und der Jahresverbräuche 2021 und 2022 der sächsischen Betriebsstätten | H1: =Stammdaten!AN1 -> V. 1.0.2
B3: Bitte machen Sie nur Angaben zu den Energieträgern, für die Sie einen Zuschuss beantragen möchten und wählen Sie bitte das betreffende Unternehmen aus und ergänzen die Daten der Zeile. Alternativ können Sie auch die zusammengefassten Daten in einer gesonderten Anlage zusammenstellen (z. B. Konto des Energieträgers aus der Buchführung oder der Kosten- und Leistungsrechnung mit Angabe zum Energieversorgungsunternehmen) und hier nur die bezogene Menge und den Verkaufspreis eintragen. Treibstoffe für Fahrzeuge (z. B. Diesel, Benzin, LNG, Wasserstoff) sind nicht leistungsberechtigt.
I6: Hinweise
A8: a) Leitungsgebundenes Erdgas
B10: (§) Antragsteller oder verbundenes Unternehmen | C10: Lieferjahr | D10: Rechnungs-datum | E10: Energieversorgungsunternehmen | F10: (§) Bezogene Menge in vollen kWh | G10: (§) Aufwendungen in Euro
C12: 2021 | I12: =IF(M12=1,"Dateneingabe unvollständig","") | K12: =IF(AND(SUM(F12:G12)<>0,OR(B12="",D12="",E12="")),1,IF(AND(SUM(F12:G12)=0,OR(B12<>"",D12<>"",E12<>"")),1,0)) -> 0 | L12: =IF(OR(AND(F12<>0,G12=0),AND(G12<>0,F12=0)),1,0) -> 0 | M12: =MAX(K12:L12) -> 0
C13: 2021 | I13: =IF(M13=1,"Dateneingabe unvollständig","") | K13: =IF(AND(SUM(F13:G13)<>0,OR(B13="",D13="",E13="")),1,IF(AND(SUM(F13:G13)=0,OR(B13<>"",D13<>"",E13<>"")),1,0)) -> 0 | L13: =IF(OR(AND(F13<>0,G13=0),AND(G13<>0,F13=0)),1,0) -> 0 | M13: =MAX(K13:L13) -> 0
C14: 2021 | I14: =IF(M14=1,"Dateneingabe unvollständig","") | K14: =IF(AND(SUM(F14:G14)<>0,OR(B14="",D14="",E14="")),1,IF(AND(SUM(F14:G14)=0,OR(B14<>"",D14<>"",E14<>"")),1,0)) -> 0 | L14: =IF(OR(AND(F14<>0,G14=0),AND(G14<>0,F14=0)),1,0) -> 0 | M14: =MAX(K14:L14) -> 0
C15: 2021 | I15: =IF(M15=1,"Dateneingabe unvollständig","") | K15: =IF(AND(SUM(F15:G15)<>0,OR(B15="",D15="",E15="")),1,IF(AND(SUM(F15:G15)=0,OR(B15<>"",D15<>"",E15<>"")),1,0)) -> 0 | L15: =IF(OR(AND(F15<>0,G15=0),AND(G15<>0,F15=0)),1,0) -> 0 | M15: =MAX(K15:L15) -> 0
C16: 2021 | I16: =IF(M16=1,"Dateneingabe unvollständig","") | K16: =IF(AND(SUM(F16:G16)<>0,OR(B16="",D16="",E16="")),1,IF(AND(SUM(F16:G16)=0,OR(B16<>"",D16<>"",E16<>"")),1,0)) -> 0 | L16: =IF(OR(AND(F16<>0,G16=0),AND(G16<>0,F16=0)),1,0) -> 0 | M16: =MAX(K16:L16) -> 0
C17: 2021 | I17: =IF(M17=1,"Dateneingabe unvollständig","") | K17: =IF(AND(SUM(F17:G17)<>0,OR(B17="",D17="",E17="")),1,IF(AND(SUM(F17:G17)=0,OR(B17<>"",D17<>"",E17<>"")),1,0)) -> 0 | L17: =IF(OR(AND(F17<>0,G17=0),AND(G17<>0,F17=0)),1,0) -> 0 | M17: =MAX(K17:L17) -> 0
C18: 2021 | I18: =IF(M18=1,"Dateneingabe unvollständig","") | K18: =IF(AND(SUM(F18:G18)<>0,OR(B18="",D18="",E18="")),1,IF(AND(SUM(F18:G18)=0,OR(B18<>"",D18<>"",E18<>"")),1,0)) -> 0 | L18: =IF(OR(AND(F18<>0,G18=0),AND(G18<>0,F18=0)),1,0) -> 0 | M18: =MAX(K18:L18) -> 0
C19: 2021 | I19: =IF(M19=1,"Dateneingabe unvollständig","") | K19: =IF(AND(SUM(F19:G19)<>0,OR(B19="",D19="",E19="")),1,IF(AND(SUM(F19:G19)=0,OR(B19<>"",D19<>"",E19<>"")),1,0)) -> 0 | L19: =IF(OR(AND(F19<>0,G19=0),AND(G19<>0,F19=0)),1,0) -> 0 | M19: =MAX(K19:L19) -> 0
C20: 2021 | I20: =IF(M20=1,"Dateneingabe unvollständig","") | K20: =IF(AND(SUM(F20:G20)<>0,OR(B20="",D20="",E20="")),1,IF(AND(SUM(F20:G20)=0,OR(B20<>"",D20<>"",E20<>"")),1,0)) -> 0 | L20: =IF(OR(AND(F20<>0,G20=0),AND(G20<>0,F20=0)),1,0) -> 0 | M20: =MAX(K20:L20) -> 0
C21: 2021 | I21: =IF(M21=1,"Dateneingabe unvollständig","") | K21: =IF(AND(SUM(F21:G21)<>0,OR(B21="",D21="",E21="")),1,IF(AND(SUM(F21:G21)=0,OR(B21<>"",D21<>"",E21<>"")),1,0)) -> 0 | L21: =IF(OR(AND(F21<>0,G21=0),AND(G21<>0,F21=0)),1,0) -> 0 | M21: =MAX(K21:L21) -> 0
B22: Antragsteller | C22: 2021 | D22: Alternativ: Zusammengefasste Daten laut gesonderter Anlage (z. B. Konto des Energieträgers aus der Buchführung oder der Kosten- und Leistungsrechnung mit Angabe zum Energieversorgungsunternehmen) | I22: =IF(M22=1,"Dateneingabe unvollständig","") | L22: =IF(OR(AND(F22<>0,G22=0),AND(G22<>0,F22=0)),1,0) -> 0 | M22: =MAX(K22:L22) -> 0
B23: Verbundenes Unternehmen 1 | C23: 2021 | I23: =IF(M23=1,"Dateneingabe unvollständig","") | L23: =IF(OR(AND(F23<>0,G23=0),AND(G23<>0,F23=0)),1,0) -> 0 | M23: =MAX(K23:L23) -> 0
B24: Verbundenes Unternehmen 2 | C24: 2021 | I24: =IF(M24=1,"Dateneingabe unvollständig","") | L24: =IF(OR(AND(F24<>0,G24=0),AND(G24<>0,F24=0)),1,0) -> 0 | M24: =MAX(K24:L24) -> 0
B25: Verbundenes Unternehmen 3 | C25: 2021 | I25: =IF(M25=1,"Dateneingabe unvollständig","") | L25: =IF(OR(AND(F25<>0,G25=0),AND(G25<>0,F25=0)),1,0) -> 0 | M25: =MAX(K25:L25) -> 0
B26: Verbundenes Unternehmen 4 | C26: 2021 | I26: =IF(M26=1,"Dateneingabe unvollständig","") | L26: =IF(OR(AND(F26<>0,G26=0),AND(G26<>0,F26=0)),1,0) -> 0 | M26: =MAX(K26:L26) -> 0
B27: Verbundenes Unternehmen 5 | C27: 2021 | I27: =IF(M27=1,"Dateneingabe unvollständig","") | L27: =IF(OR(AND(F27<>0,G27=0),AND(G27<>0,F27=0)),1,0) -> 0 | M27: =MAX(K27:L27) -> 0
E28: Zwischensummen | F28: =IF(OR(M28=1,SUM(F12:F27)=0),"Dateneingabe fehlt",SUM(F12:F27)) -> Dateneingabe fehlt | G28: =IF(OR(M28=1,SUM(G12:G27)=0),"Dateneingabe fehlt",SUM(G12:G27)) -> Dateneingabe fehlt | H28: 1 | I28: =IF(P28=1,"Bitte Dateneingabe vornehmen","") | M28: =MAX(M12:M27) -> 0 | O28: =M28 -> 0 | P28: =IF(AND(SUM(F28:G28)=0,SUM(F61:G62)>0),1,0) -> 0 | Q28: =F28 -> Dateneingabe fehlt
F29: Übernahme für die weitere Berechnung
E31: (§) abzüglich erstattete Gebühren und Steuern, soweit nicht bei den Aufwendungen berücksichtigt
E32: Gebühren | I32: Erstattungsbeträge bitte positiv eingeben
E33: Vorsteuer
E34: Boni, Skonti
E35: Zwischensumme | G35: =SUM(G32:G34) -> 0 | H35: 2
G37: =IFERROR(G28-G35,"Dateneingabe fehlt") -> Dateneingabe fehlt
E39: Durchschnittseinkaufspreis 2021 | F39: =IFERROR(G37/F28,"Dateneingabe fehlt") -> Dateneingabe fehlt | G39: €/kWh
E40: Übernahme für die weitere Berechnung
B43: (§) Antragsteller oder verbundenes Unternehmen | C43: Lieferjahr | D43: Rechnungs-datum | E43: Energieversorgungsunternehmen | F43: (§) Bezogene Menge in vollen kWh | G43: (§) Aufwendungen in Euro
C45: 2022 | I45: =IF(M45=1,"Dateneingabe unvollständig","") | K45: =IF(AND(SUM(F45:G45)<>0,OR(B45="",D45="",E45="")),1,IF(AND(SUM(F45:G45)=0,OR(B45<>"",D45<>"",E45<>"")),1,0)) -> 0 | L45: =IF(OR(AND(F45<>0,G45=0),AND(G45<>0,F45=0)),1,0) -> 0 | M45: =MAX(K45:L45) -> 0
C46: 2022 | I46: =IF(M46=1,"Dateneingabe unvollständig","") | K46: =IF(AND(SUM(F46:G46)<>0,OR(B46="",D46="",E46="")),1,IF(AND(SUM(F46:G46)=0,OR(B46<>"",D46<>"",E46<>"")),1,0)) -> 0 | L46: =IF(OR(AND(F46<>0,G46=0),AND(G46<>0,F46=0)),1,0) -> 0 | M46: =MAX(K46:L46) -> 0
C47: 2022 | I47: =IF(M47=1,"Dateneingabe unvollständig","") | K47: =IF(AND(SUM(F47:G47)<>0,OR(B47="",D47="",E47="")),1,IF(AND(SUM(F47:G47)=0,OR(B47<>"",D47<>"",E47<>"")),1,0)) -> 0 | L47: =IF(OR(AND(F47<>0,G47=0),AND(G47<>0,F47=0)),1,0) -> 0 | M47: =MAX(K47:L47) -> 0
C48: 2022 | I48: =IF(M48=1,"Dateneingabe unvollständig","") | K48: =IF(AND(SUM(F48:G48)<>0,OR(B48="",D48="",E48="")),1,IF(AND(SUM(F48:G48)=0,OR(B48<>"",D48<>"",E48<>"")),1,0)) -> 0 | L48: =IF(OR(AND(F48<>0,G48=0),AND(G48<>0,F48=0)),1,0) -> 0 | M48: =MAX(K48:L48) -> 0
C49: 2022 | I49: =IF(M49=1,"Dateneingabe unvollständig","") | K49: =IF(AND(SUM(F49:G49)<>0,OR(B49="",D49="",E49="")),1,IF(AND(SUM(F49:G49)=0,OR(B49<>"",D49<>"",E49<>"")),1,0)) -> 0 | L49: =IF(OR(AND(F49<>0,G49=0),AND(G49<>0,F49=0)),1,0) -> 0 | M49: =MAX(K49:L49) -> 0
C50: 2022 | I50: =IF(M50=1,"Dateneingabe unvollständig","") | K50: =IF(AND(SUM(F50:G50)<>0,OR(B50="",D50="",E50="")),1,IF(AND(SUM(F50:G50)=0,OR(B50<>"",D50<>"",E50<>"")),1,0)) -> 0 | L50: =IF(OR(AND(F50<>0,G50=0),AND(G50<>0,F50=0)),1,0) -> 0 | M50: =MAX(K50:L50) -> 0
C51: 2022 | I51: =IF(M51=1,"Dateneingabe unvollständig","") | K51: =IF(AND(SUM(F51:G51)<>0,OR(B51="",D51="",E51="")),1,IF(AND(SUM(F51:G51)=0,OR(B51<>"",D51<>"",E51<>"")),1,0)) -> 0 | L51: =IF(OR(AND(F51<>0,G51=0),AND(G51<>0,F51=0)),1,0) -> 0 | M51: =MAX(K51:L51) -> 0
C52: 2022 | I52: =IF(M52=1,"Dateneingabe unvollständig","") | K52: =IF(AND(SUM(F52:G52)<>0,OR(B52="",D52="",E52="")),1,IF(AND(SUM(F52:G52)=0,OR(B52<>"",D52<>"",E52<>"")),1,0)) -> 0 | L52: =IF(OR(AND(F52<>0,G52=0),AND(G52<>0,F52=0)),1,0) -> 0 | M52: =MAX(K52:L52) -> 0
C53: 2022 | I53: =IF(M53=1,"Dateneingabe unvollständig","") | K53: =IF(AND(SUM(F53:G53)<>0,OR(B53="",D53="",E53="")),1,IF(AND(SUM(F53:G53)=0,OR(B53<>"",D53<>"",E53<>"")),1,0)) -> 0 | L53: =IF(OR(AND(F53<>0,G53=0),AND(G53<>0,F53=0)),1,0) -> 0 | M53: =MAX(K53:L53) -> 0
C54: 2022 | I54: =IF(M54=1,"Dateneingabe unvollständig","") | K54: =IF(AND(SUM(F54:G54)<>0,OR(B54="",D54="",E54="")),1,IF(AND(SUM(F54:G54)=0,OR(B54<>"",D54<>"",E54<>"")),1,0)) -> 0 | L54: =IF(OR(AND(F54<>0,G54=0),AND(G54<>0,F54=0)),1,0) -> 0 | M54: =MAX(K54:L54) -> 0
B55: Antragsteller | C55: 2022 | D55: Alternativ: Zusammengefasste Daten laut gesonderter Anlage (z. B. Konto des Energieträgers aus der Buchführung oder der Kosten- und Leistungsrechnung mit Angabe zum Energieversorgungsunternehmen) | I55: =IF(M55=1,"Dateneingabe unvollständig","") | L55: =IF(OR(AND(F55<>0,G55=0),AND(G55<>0,F55=0)),1,0) -> 0 | M55: =MAX(K55:L55) -> 0
B56: Verbundenes Unternehmen 1 | C56: 2022 | I56: =IF(M56=1,"Dateneingabe unvollständig","") | L56: =IF(OR(AND(F56<>0,G56=0),AND(G56<>0,F56=0)),1,0) -> 0 | M56: =MAX(K56:L56) -> 0
B57: Verbundenes Unternehmen 2 | C57: 2022 | I57: =IF(M57=1,"Dateneingabe unvollständig","") | L57: =IF(OR(AND(F57<>0,G57=0),AND(G57<>0,F57=0)),1,0) -> 0 | M57: =MAX(K57:L57) -> 0
B58: Verbundenes Unternehmen 3 | C58: 2022 | I58: =IF(M58=1,"Dateneingabe unvollständig","") | L58: =IF(OR(AND(F58<>0,G58=0),AND(G58<>0,F58=0)),1,0) -> 0 | M58: =MAX(K58:L58) -> 0
B59: Verbundenes Unternehmen 4 | C59: 2022 | I59: =IF(M59=1,"Dateneingabe unvollständig","") | L59: =IF(OR(AND(F59<>0,G59=0),AND(G59<>0,F59=0)),1,0) -> 0 | M59: =MAX(K59:L59) -> 0
B60: Verbundenes Unternehmen 5 | C60: 2022 | I60: =IF(M60=1,"Dateneingabe unvollständig","") | L60: =IF(OR(AND(F60<>0,G60=0),AND(G60<>0,F60=0)),1,0) -> 0 | M60: =MAX(K60:L60) -> 0
E61: Zwischensummen | F61: =IF(OR(M61=1,SUM(F45:F60)=0),"Dateneingabe fehlt",SUM(F45:F60)) -> Dateneingabe fehlt | G61: =IF(OR(M61=1,SUM(G45:G60)=0),"Dateneingabe fehlt",SUM(G45:G60)) -> Dateneingabe fehlt | H61: 1 | I61: =IF(P61=1,"Bitte Dateneingabe vornehmen","") | M61: =MAX(M45:M60) -> 0 | O61: =M61 -> 0 | P61: =IF(AND(SUM(F61:G62)=0,SUM(F28:G28)>0),1,0) -> 0 | Q61: =F61 -> Dateneingabe fehlt
F62: Übernahme für die weitere Berechnung
E64: (§) abzüglich erstattete Gebühren und Steuern, soweit nicht bei den Aufwendungen berücksichtigt
E65: Gebühren | I65: Erstattungsbeträge bitte positiv eingeben
E66: Vorsteuer
E67: Boni, Skonti
E68: Zwischensumme | G68: =SUM(G65:G67) -> 0 | H68: 2
G70: =IFERROR(G61-G68,"Dateneingabe fehlt") -> Dateneingabe fehlt
E72: Durchschnittseinkaufspreis 2022 | F72: =IFERROR(G70/F61,"Dateneingabe fehlt") -> Dateneingabe fehlt | G72: €/kWh
E73: Übernahme für die weitere Berechnung
A76: b) Fernwärme
B78: (§) Antragsteller oder verbundenes Unternehmen | C78: Lieferjahr | D78: Rechnungs-datum | E78: Energieversorgungsunternehmen | F78: (§) Bezogene Menge in vollen kWh | G78: (§) Aufwendungen in Euro
C80: 2021 | I80: =IF(M80=1,"Dateneingabe unvollständig","") | K80: =IF(AND(SUM(F80:G80)<>0,OR(B80="",D80="",E80="")),1,IF(AND(SUM(F80:G80)=0,OR(B80<>"",D80<>"",E80<>"")),1,0)) -> 0 | L80: =IF(OR(AND(F80<>0,G80=0),AND(G80<>0,F80=0)),1,0) -> 0 | M80: =MAX(K80:L80) -> 0
C81: 2021 | I81: =IF(M81=1,"Dateneingabe unvollständig","") | K81: =IF(AND(SUM(F81:G81)<>0,OR(B81="",D81="",E81="")),1,IF(AND(SUM(F81:G81)=0,OR(B81<>"",D81<>"",E81<>"")),1,0)) -> 0 | L81: =IF(OR(AND(F81<>0,G81=0),AND(G81<>0,F81=0)),1,0) -> 0 | M81: =MAX(K81:L81) -> 0
C82: 2021 | I82: =IF(M82=1,"Dateneingabe unvollständig","") | K82: =IF(AND(SUM(F82:G82)<>0,OR(B82="",D82="",E82="")),1,IF(AND(SUM(F82:G82)=0,OR(B82<>"",D82<>"",E82<>"")),1,0)) -> 0 | L82: =IF(OR(AND(F82<>0,G82=0),AND(G82<>0,F82=0)),1,0) -> 0 | M82: =MAX(K82:L82) -> 0
C83: 2021 | I83: =IF(M83=1,"Dateneingabe unvollständig","") | K83: =IF(AND(SUM(F83:G83)<>0,OR(B83="",D83="",E83="")),1,IF(AND(SUM(F83:G83)=0,OR(B83<>"",D83<>"",E83<>"")),1,0)) -> 0 | L83: =IF(OR(AND(F83<>0,G83=0),AND(G83<>0,F83=0)),1,0) -> 0 | M83: =MAX(K83:L83) -> 0
C84: 2021 | I84: =IF(M84=1,"Dateneingabe unvollständig","") | K84: =IF(AND(SUM(F84:G84)<>0,OR(B84="",D84="",E84="")),1,IF(AND(SUM(F84:G84)=0,OR(B84<>"",D84<>"",E84<>"")),1,0)) -> 0 | L84: =IF(OR(AND(F84<>0,G84=0),AND(G84<>0,F84=0)),1,0) -> 0 | M84: =MAX(K84:L84) -> 0
C85: 2021 | I85: =IF(M85=1,"Dateneingabe unvollständig","") | K85: =IF(AND(SUM(F85:G85)<>0,OR(B85="",D85="",E85="")),1,IF(AND(SUM(F85:G85)=0,OR(B85<>"",D85<>"",E85<>"")),1,0)) -> 0 | L85: =IF(OR(AND(F85<>0,G85=0),AND(G85<>0,F85=0)),1,0) -> 0 | M85: =MAX(K85:L85) -> 0
C86: 2021 | I86: =IF(M86=1,"Dateneingabe unvollständig","") | K86: =IF(AND(SUM(F86:G86)<>0,OR(B86="",D86="",E86="")),1,IF(AND(SUM(F86:G86)=0,OR(B86<>"",D86<>"",E86<>"")),1,0)) -> 0 | L86: =IF(OR(AND(F86<>0,G86=0),AND(G86<>0,F86=0)),1,0) -> 0 | M86: =MAX(K86:L86) -> 0
C87: 2021 | I87: =IF(M87=1,"Dateneingabe unvollständig","") | K87: =IF(AND(SUM(F87:G87)<>0,OR(B87="",D87="",E87="")),1,IF(AND(SUM(F87:G87)=0,OR(B87<>"",D87<>"",E87<>"")),1,0)) -> 0 | L87: =IF(OR(AND(F87<>0,G87=0),AND(G87<>0,F87=0)),1,0) -> 0 | M87: =MAX(K87:L87) -> 0
C88: 2021 | I88: =IF(M88=1,"Dateneingabe unvollständig","") | K88: =IF(AND(SUM(F88:G88)<>0,OR(B88="",D88="",E88="")),1,IF(AND(SUM(F88:G88)=0,OR(B88<>"",D88<>"",E88<>"")),1,0)) -> 0 | L88: =IF(OR(AND(F88<>0,G88=0),AND(G88<>0,F88=0)),1,0) -> 0 | M88: =MAX(K88:L88) -> 0
C89: 2021 | I89: =IF(M89=1,"Dateneingabe unvollständig","") | K89: =IF(AND(SUM(F89:G89)<>0,OR(B89="",D89="",E89="")),1,IF(AND(SUM(F89:G89)=0,OR(B89<>"",D89<>"",E89<>"")),1,0)) -> 0 | L89: =IF(OR(AND(F89<>0,G89=0),AND(G89<>0,F89=0)),1,0) -> 0 | M89: =MAX(K89:L89) -> 0
B90: Antragsteller | C90: 2021 | D90: Alternativ: Zusammengefasste Daten laut gesonderter Anlage (z. B. Konto des Energieträgers aus der Buchführung oder der Kosten- und Leistungsrechnung mit Angabe zum Energieversorgungsunternehmen) | I90: =IF(M90=1,"Dateneingabe unvollständig","") | L90: =IF(OR(AND(F90<>0,G90=0),AND(G90<>0,F90=0)),1,0) -> 0 | M90: =MAX(K90:L90) -> 0
B91: Verbundenes Unternehmen 1 | C91: 2021 | I91: =IF(M91=1,"Dateneingabe unvollständig","") | L91: =IF(OR(AND(F91<>0,G91=0),AND(G91<>0,F91=0)),1,0) -> 0 | M91: =MAX(K91:L91) -> 0
B92: Verbundenes Unternehmen 2 | C92: 2021 | I92: =IF(M92=1,"Dateneingabe unvollständig","") | L92: =IF(OR(AND(F92<>0,G92=0),AND(G92<>0,F92=0)),1,0) -> 0 | M92: =MAX(K92:L92) -> 0
B93: Verbundenes Unternehmen 3 | C93: 2021 | I93: =IF(M93=1,"Dateneingabe unvollständig","") | L93: =IF(OR(AND(F93<>0,G93=0),AND(G93<>0,F93=0)),1,0) -> 0 | M93: =MAX(K93:L93) -> 0
B94: Verbundenes Unternehmen 4 | C94: 2021 | I94: =IF(M94=1,"Dateneingabe unvollständig","") | L94: =IF(OR(AND(F94<>0,G94=0),AND(G94<>0,F94=0)),1,0) -> 0 | M94: =MAX(K94:L94) -> 0
B95: Verbundenes Unternehmen 5 | C95: 2021 | I95: =IF(M95=1,"Dateneingabe unvollständig","") | L95: =IF(OR(AND(F95<>0,G95=0),AND(G95<>0,F95=0)),1,0) -> 0 | M95: =MAX(K95:L95) -> 0
E96: Zwischensummen | F96: =IF(OR(M96=1,SUM(F80:F95)=0),"Dateneingabe fehlt",SUM(F80:F95)) -> Dateneingabe fehlt | G96: =IF(OR(M96=1,SUM(G80:G95)=0),"Dateneingabe fehlt",SUM(G80:G95)) -> Dateneingabe fehlt | H96: 1 | I96: =IF(P96=1,"Bitte Dateneingabe vornehmen","") | M96: =MAX(M80:M95) -> 0 | O96: =M96 -> 0 | P96: =IF(AND(SUM(F96:G96)=0,SUM(F129:G130)>0),1,0) -> 0 | Q96: =F96 -> Dateneingabe fehlt
F97: Übernahme für die weitere Berechnung
E99: (§) abzüglich erstattete Gebühren und Steuern, soweit nicht bei den Aufwendungen berücksichtigt
E100: Gebühren | I100: Erstattungsbeträge bitte positiv eingeben
E101: Vorsteuer
E102: Boni, Skonti
E103: Zwischensumme | G103: =SUM(G100:G102) -> 0 | H103: 2
G105: =IFERROR(G96-G103,"Dateneingabe fehlt") -> Dateneingabe fehlt
E107: Durchschnittseinkaufspreis 2021 | F107: =IFERROR(G105/F96,"Dateneingabe fehlt") -> Dateneingabe fehlt | G107: €/kWh
E108: Übernahme für die weitere Berechnung
B111: (§) Antragsteller oder verbundenes Unternehmen | C111: Lieferjahr | D111: Rechnungs-datum | E111: Energieversorgungsunternehmen | F111: (§) Bezogene Menge in vollen kWh | G111: (§) Aufwendungen in Euro
C113: 2022 | I113: =IF(M113=1,"Dateneingabe unvollständig","") | K113: =IF(AND(SUM(F113:G113)<>0,OR(B113="",D113="",E113="")),1,IF(AND(SUM(F113:G113)=0,OR(B113<>"",D113<>"",E113<>"")),1,0)) -> 0 | L113: =IF(OR(AND(F113<>0,G113=0),AND(G113<>0,F113=0)),1,0) -> 0 | M113: =MAX(K113:L113) -> 0
C114: 2022 | I114: =IF(M114=1,"Dateneingabe unvollständig","") | K114: =IF(AND(SUM(F114:G114)<>0,OR(B114="",D114="",E114="")),1,IF(AND(SUM(F114:G114)=0,OR(B114<>"",D114<>"",E114<>"")),1,0)) -> 0 | L114: =IF(OR(AND(F114<>0,G114=0),AND(G114<>0,F114=0)),1,0) -> 0 | M114: =MAX(K114:L114) -> 0
C115: 2022 | I115: =IF(M115=1,"Dateneingabe unvollständig","") | K115: =IF(AND(SUM(F115:G115)<>0,OR(B115="",D115="",E115="")),1,IF(AND(SUM(F115:G115)=0,OR(B115<>"",D115<>"",E115<>"")),1,0)) -> 0 | L115: =IF(OR(AND(F115<>0,G115=0),AND(G115<>0,F115=0)),1,0) -> 0 | M115: =MAX(K115:L115) -> 0
C116: 2022 | I116: =IF(M116=1,"Dateneingabe unvollständig","") | K116: =IF(AND(SUM(F116:G116)<>0,OR(B116="",D116="",E116="")),1,IF(AND(SUM(F116:G116)=0,OR(B116<>"",D116<>"",E116<>"")),1,0)) -> 0 | L116: =IF(OR(AND(F116<>0,G116=0),AND(G116<>0,F116=0)),1,0) -> 0 | M116: =MAX(K116:L116) -> 0
C117: 2022 | I117: =IF(M117=1,"Dateneingabe unvollständig","") | K117: =IF(AND(SUM(F117:G117)<>0,OR(B117="",D117="",E117="")),1,IF(AND(SUM(F117:G117)=0,OR(B117<>"",D117<>"",E117<>"")),1,0)) -> 0 | L117: =IF(OR(AND(F117<>0,G117=0),AND(G117<>0,F117=0)),1,0) -> 0 | M117: =MAX(K117:L117) -> 0
C118: 2022 | I118: =IF(M118=1,"Dateneingabe unvollständig","") | K118: =IF(AND(SUM(F118:G118)<>0,OR(B118="",D118="",E118="")),1,IF(AND(SUM(F118:G118)=0,OR(B118<>"",D118<>"",E118<>"")),1,0)) -> 0 | L118: =IF(OR(AND(F118<>0,G118=0),AND(G118<>0,F118=0)),1,0) -> 0 | M118: =MAX(K118:L118) -> 0
C119: 2022 | I119: =IF(M119=1,"Dateneingabe unvollständig","") | K119: =IF(AND(SUM(F119:G119)<>0,OR(B119="",D119="",E119="")),1,IF(AND(SUM(F119:G119)=0,OR(B119<>"",D119<>"",E119<>"")),1,0)) -> 0 | L119: =IF(OR(AND(F119<>0,G119=0),AND(G119<>0,F119=0)),1,0) -> 0 | M119: =MAX(K119:L119) -> 0
C120: 2022 | I120: =IF(M120=1,"Dateneingabe unvollständig","") | K120: =IF(AND(SUM(F120:G120)<>0,OR(B120="",D120="",E120="")),1,IF(AND(SUM(F120:G120)=0,OR(B120<>"",D120<>"",E120<>"")),1,0)) -> 0 | L120: =IF(OR(AND(F120<>0,G120=0),AND(G120<>0,F120=0)),1,0) -> 0 | M120: =MAX(K120:L120) -> 0
C121: 2022 | I121: =IF(M121=1,"Dateneingabe unvollständig","") | K121: =IF(AND(SUM(F121:G121)<>0,OR(B121="",D121="",E121="")),1,IF(AND(SUM(F121:G121)=0,OR(B121<>"",D121<>"",E121<>"")),1,0)) -> 0 | L121: =IF(OR(AND(F121<>0,G121=0),AND(G121<>0,F121=0)),1,0) -> 0 | M121: =MAX(K121:L121) -> 0
C122: 2022 | I122: =IF(M122=1,"Dateneingabe unvollständig","") | K122: =IF(AND(SUM(F122:G122)<>0,OR(B122="",D122="",E122="")),1,IF(AND(SUM(F122:G122)=0,OR(B122<>"",D122<>"",E122<>"")),1,0)) -> 0 | L122: =IF(OR(AND(F122<>0,G122=0),AND(G122<>0,F122=0)),1,0) -> 0 | M122: =MAX(K122:L122) -> 0
B123: Antragsteller | C123: 2022 | D123: Alternativ: Zusammengefasste Daten laut gesonderter Anlage (z. B. Konto des Energieträgers aus der Buchführung oder der Kosten- und Leistungsrechnung mit Angabe zum Energieversorgungsunternehmen) | I123: =IF(M123=1,"Dateneingabe unvollständig","") | L123: =IF(OR(AND(F123<>0,G123=0),AND(G123<>0,F123=0)),1,0) -> 0 | M123: =MAX(K123:L123) -> 0
B124: Verbundenes Unternehmen 1 | C124: 2022 | I124: =IF(M124=1,"Dateneingabe unvollständig","") | L124: =IF(OR(AND(F124<>0,G124=0),AND(G124<>0,F124=0)),1,0) -> 0 | M124: =MAX(K124:L124) -> 0
B125: Verbundenes Unternehmen 2 | C125: 2022 | I125: =IF(M125=1,"Dateneingabe unvollständig","") | L125: =IF(OR(AND(F125<>0,G125=0),AND(G125<>0,F125=0)),1,0) -> 0 | M125: =MAX(K125:L125) -> 0
...

Sheet Stufe 1
A1: Stufe 1 - Härtefallhilfe 2022 | J1: =Stammdaten!AN1 -> V. 1.0.2
D3: 2021 | F3: 2022 | H3: Hinweise/Berechnungsergebnisse | J3: Voraussichtlicher Leistungsbetrag vor Höchstbetrag
A5: Gesamte Energiekosten (alle Energieträger) | D5: =Betriebsstätten!I37 -> 0 | F5: =Betriebsstätten!J37 -> 0 | H5: Eingaben sind im Tabellenblatt "Betriebsstätten" vorzunehmen
A6: Umsatz nach § 1 Abs. 1 Nr. 1 Umsatzsteuergesetz (Sollversteuerung) | D6: =Betriebsstätten!G37 -> 0 | F6: =Betriebsstätten!H37 -> 0
A7: Energieintensität (gesamte Energiekosten) | D7: =IF(D5=0,"Dateneingabe fehlt",IF(ISERROR(D5/D6),"Dateneingabe fehlt",D5/D6)) -> Dateneingabe fehlt | F7: =IF(F5=0,"Dateneingabe fehlt",IF(ISERROR(F5/F6),"Dateneingabe fehlt",F5/F6)) -> Dateneingabe fehlt
A8: Prüfung: Preisweitergabe der Energiekosten | B8: =IF(ISERROR(D7/F7),"",IF(F7<=((3*D7)/(1+3*D7)),"Leistungsschädliche Preisweitergabe in 2022 liegt vor","Keine leistungsschädliche Preisweitergabe in 2022")) | M8: =IF(ISERROR(D7/F7),"Dateneingabe fehlt",IF(F7<=((3*D7)/(1+3*D7)),1,0)) -> Dateneingabe fehlt
A10: Sonstige Leistungsausschlüsse | B10: =IF(M10=1,"Genereller Leistungsausschluss (vgl. Zeilen 29 bis 41 im Tabellenblatt 'Stammdaten')","") | M10: =IF(Stammdaten!BD43=1,0,IF(Stammdaten!BE43=1,1,0)) -> 0
B11: =IF(M11=1,"Unternehmen in Schwierigkeiten (vgl. Zeile 45 im Tabellenblatt 'Stammdaten')","") | M11: =IF(Stammdaten!BD45=1,0,IF(Stammdaten!BE45=1,1,0)) -> 0
B12: =IF(M12=1,"Großbetrieb (vgl. Zeile 75 im Tabellenblatt 'Stammdaten')","") | M12: =IF(Stammdaten!BF75=4,1,0) -> 0
L13: =MAX(M8:M12) -> 0 | M13: =MAX(M10:M12) -> 0
A15: Kategorie A (Leitungsgebundenes Erdgas, Fernwärme und Strom)
A17: a) Erdgas
A18: Durchschnittseinkaufspreis pro kWh | D18: =Kostenaufstellungen!F39 -> Dateneingabe fehlt | F18: =Kostenaufstellungen!F72 -> Dateneingabe fehlt | H18: Eingaben sind im Tabellenblatt "Kostenaufstellung" vorzunehmen
A19: Jahresverbrauch in kWh | D19: =IF(Kostenaufstellungen!F28=0,"Dateneingabe fehlt",Kostenaufstellungen!F28) -> Dateneingabe fehlt | F19: =IF(Kostenaufstellungen!F61=0,"Dateneingabe fehlt",Kostenaufstellungen!F61) -> Dateneingabe fehlt
A20: Faktor Preiserhöhung 2022 zu 2021 | F20: =IF($F$7="Dateneingabe fehlt","Dateneingabe fehlt",IF(ISERROR(F18/D18),"Dateneingabe fehlt",F18/D18)) -> Dateneingabe fehlt | H20: =IF(F20="Dateneingabe fehlt","",IF(F20>=3,"Mindestpreissteigerung erreicht","Preissteigerung zu niedrig")) | M20: =IF(F20>=3,0,1) -> 0 | N20: =IF(F20="Dateneingabe fehlt",1,0) -> 1
A21: Betroffenheitsgrad 2022 für diesen Energieträger | F21: =IF($D$7="Dateneingabe fehlt","Dateneingabe fehlt",IF(F20="Dateneingabe fehlt","Dateneingabe fehlt",F18/D18*$D$7)) -> Dateneingabe fehlt | H21: =IF(OR(F20="Dateneingabe fehlt",F21="Dateneingabe fehlt"),"",IF(F21>=0.2,"Mindestbetroffenheitsgrad erreicht","Betroffenheitsgrad zu niedrig")) | M21: =IF(F21>=0.2,0,1) -> 0 | N21: =IF(F21="Dateneingabe fehlt",1,0) -> 1
A22: Voraussichtlicher Leistungsbetrag vor Höchstbetrag | B22: 1/12 des Jahresverbauchs 2022 multipliziert mit dem durchschnittlichen Einkaufspreis 2022 | F22: =IFERROR(IF(AND(N22>0,N22<2500),N22,""),"") | H22: =IFERROR(IF(OR(F20="Dateneingabe fehlt",N22=0),"",IF(N22<2500,"Bagatellgrenze von 2.500 € nicht erreicht","")),"") | J22: =IF(ISERROR(N22),0,IF(AND(SUM(N20:N21)=0,N22>=2500),N22,0)) -> 0 | N22: =IF(L13=1,0,IF(SUM(M20:M21)=0,F18*F19/12,0)) -> #VALUE!
A24: b) Fernwärme
A25: Durchschnittseinkaufspreis pro kWh | D25: =Kostenaufstellungen!F107 -> Dateneingabe fehlt | F25: =Kostenaufstellungen!F140 -> Dateneingabe fehlt | H25: Eingaben sind im Tabellenblatt "Kostenaufstellung" vorzunehmen
A26: Jahresverbrauch in kWh | D26: =Kostenaufstellungen!F96 -> Dateneingabe fehlt | F26: =Kostenaufstellungen!F129 -> Dateneingabe fehlt
A27: Faktor Preiserhöhung 2022 zu 2021 | F27: =IF($F$7="Dateneingabe fehlt","Dateneingabe fehlt",IF(ISERROR(F25/D25),"Dateneingabe fehlt",F25/D25)) -> Dateneingabe fehlt | H27: =IF(F27="Dateneingabe fehlt","",IF(F27>=3,"Mindestpreissteigerung erreicht","Preissteigerung zu niedrig")) | M27: =IF(F27>=3,0,1) -> 0 | N27: =IF(F27="Dateneingabe fehlt",1,0) -> 1
A28: Betroffenheitsgrad 2022 für diesen Energieträger | F28: =IF($D$7="Dateneingabe fehlt","Dateneingabe fehlt",IF(F27="Dateneingabe fehlt","Dateneingabe fehlt",F25/D25*$D$7)) -> Dateneingabe fehlt | H28: =IF(OR(F27="Dateneingabe fehlt",F28="Dateneingabe fehlt"),"",IF(F28>=0.2,"Mindestbetroffenheitsgrad erreicht","Betroffenheitsgrad zu niedrig")) | M28: =IF(F28>=0.2,0,1) -> 0 | N28: =IF(F28="Dateneingabe fehlt",1,0) -> 1
A29: Voraussichtlicher Leistungsbetrag vor Höchstbetrag | B29: 1/12 des Jahresverbauchs 2022 multipliziert mit dem durchschnittlichen Einkaufspreis 2022 | F29: =IFERROR(IF(AND(N29>0,N29<2500),N29,""),"") | H29: =IFERROR(IF(OR(F27="Dateneingabe fehlt",N29=0),"",IF(N29<2500,"Bagatellgrenze von 2.500 € nicht erreicht","")),"") | J29: =IF(ISERROR(N29),0,IF(AND(SUM(N27:N28)=0,N29>=2500),N29,0)) -> 0 | N29: =IF(L13=1,0,IF(SUM(M27:M28)=0,F25*F26/12,0)) -> #VALUE!
A31: c) Strom
A32: Durchschnittseinkaufspreis pro kWh | D32: =Kostenaufstellungen!F175 -> Dateneingabe fehlt | F32: =Kostenaufstellungen!F208 -> Dateneingabe fehlt | H32: Eingaben sind im Tabellenblatt "Kostenaufstellung" vorzunehmen
A33: Jahresverbrauch in kWh | D33: =Kostenaufstellungen!F164 -> Dateneingabe fehlt | F33: =Kostenaufstellungen!F197 -> Dateneingabe fehlt
A34: Faktor Preiserhöhung 2022 zu 2021 | F34: =IF($F$7="Dateneingabe fehlt","Dateneingabe fehlt",IF(ISERROR(F32/D32),"Dateneingabe fehlt",F32/D32)) -> Dateneingabe fehlt | H34: =IF(F34="Dateneingabe fehlt","",IF(F34>=3,"Mindestpreissteigerung erreicht","Preissteigerung zu niedrig")) | L34: 6 | M34: =IF(F34>=3,0,1) -> 0 | N34: =IF(F34="Dateneingabe fehlt",1,0) -> 1
A35: Betroffenheitsgrad 2022 für diesen Energieträger | F35: =IF($D$7="Dateneingabe fehlt","Dateneingabe fehlt",IF(F34="Dateneingabe fehlt","Dateneingabe fehlt",F32/D32*$D$7)) -> Dateneingabe fehlt | H35: =IF(OR(F34="Dateneingabe fehlt",F35="Dateneingabe fehlt"),"",IF(F35>=0.2,"Mindestbetroffenheitsgrad erreicht","Betroffenheitsgrad zu niedrig")) | M35: =IF(F35>=0.2,0,1) -> 0 | N35: =IF(F35="Dateneingabe fehlt",1,0) -> 1
A36: Voraussichtlicher Leistungsbetrag vor Höchstbetrag | B36: 2/12 des Jahresverbauchs 2022 multipliziert mit dem durchschnittlichen Einkaufspreis 2022 | F36: =IFERROR(IF(AND(N36>0,N36<2500),N36,""),"") | H36: =IFERROR(IF(OR(F34="Dateneingabe fehlt",N36=0),"",IF(N36<2500,"Bagatellgrenze von 2.500 € nicht erreicht","")),"") | J36: =IF(ISERROR(N36),0,IF(AND(SUM(N34:N35)=0,N36>=2500),N36,0)) -> 0 | N36: =IF(L13=1,0,IF(SUM(M34:M35)=0,F32*F33/6,0)) -> #VALUE!
A39: Kategorie B (andere Energieträger außer leitungsgebundenes Erdgas und Strom sowie Treibstoffe für Fahrzeuge)
A41: d) Anderer Energieträger 1 | B41: =IF(Kostenaufstellungen!E212="","",Kostenaufstellungen!E212)
A43: Handelseinheit: | B43: =IF(Kostenaufstellungen!L214=0,"",Kostenaufstellungen!L214) | H43: Eingaben sind im Tabellenblatt "Kostenaufstellung" vorzunehmen
A44: =CONCATENATE("Durchschnittseinkaufspreis pro ",IF(Kostenaufstellungen!L214=0,"Handelseinheit",Kostenaufstellungen!L214)) -> Durchschnittseinkaufspreis pro Handelseinheit | D44: =Kostenaufstellungen!F251 -> Dateneingabe fehlt | F44: =Kostenaufstellungen!F290 -> Dateneingabe fehlt
A45: =CONCATENATE("Jahresverbrauch in ",IF(Kostenaufstellungen!L214=0,"Handelseinheit",Kostenaufstellungen!L214)) -> Jahresverbrauch in Handelseinheit | D45: =IF(Kostenaufstellungen!F240=0,"Dateneingabe fehlt",Kostenaufstellungen!F240) -> Dateneingabe fehlt | F45: =IF(Kostenaufstellungen!F279=0,"Dateneingabe fehlt",Kostenaufstellungen!F279) -> Dateneingabe fehlt
A46: Faktor Preiserhöhung 2022 zu 2021 | F46: =IF($F$7="Dateneingabe fehlt","Dateneingabe fehlt",IF(ISERROR(F44/D44),"Dateneingabe fehlt",F44/D44)) -> Dateneingabe fehlt | H46: =IF(F46="Dateneingabe fehlt","",IF(F46>=3,"Mindestpreissteigerung erreicht","Preissteigerung zu niedrig")) | M46: =IF(F46>=3,0,1) -> 0 | N46: =IF(F46="Dateneingabe fehlt",1,0) -> 1
A47: Betroffenheitsgrad 2022 für diesen Energieträger | F47: =IF($D$7="Dateneingabe fehlt","Dateneingabe fehlt",IF(F46="Dateneingabe fehlt","Dateneingabe fehlt",F44/D44*$D$7)) -> Dateneingabe fehlt | H47: =IF(OR(F46="Dateneingabe fehlt",F47="Dateneingabe fehlt"),"",IF(F47>=0.2,"Mindestbetroffenheitsgrad erreicht","Betroffenheitsgrad zu niedrig")) | M47: =IF(F47>=0.2,0,1) -> 0 | N47: =IF(F47="Dateneingabe fehlt",1,0) -> 1
A48: Voraussichtlicher Leistungsbetrag vor Höchstbetrag | B48: 2/12 des Jahresverbauchs 2022 multipliziert mit dem durchschnittlichen Einkaufspreis 2022 | F48: =IFERROR(IF(AND(N48>0,N48<2500),N48,""),"") | H48: =IFERROR(IF(OR(F46="Dateneingabe fehlt",N48=0),"",IF(N48<2500,"Bagatellgrenze von 2.500 € nicht erreicht","")),"") | J48: =IF(ISERROR(N48),0,IF(AND(SUM(N46:N47)=0,N48>=2500),N48,0)) -> 0 | N48: =IF(L13=1,0,IF(SUM(M46:M47)=0,F44*F45/6,0)) -> #VALUE!
A50: e) Anderer Energieträger 2 | B50: =IF(Kostenaufstellungen!E294="","",Kostenaufstellungen!E294)
A51: Handelseinheit | B51: =IF(Kostenaufstellungen!G294=0,"",Kostenaufstellungen!G294) | H51: Eingaben sind im Tabellenblatt "Kostenaufstellung" vorzunehmen
A52: =CONCATENATE("Durchschnittseinkaufspreis pro ",IF(Kostenaufstellungen!L296=0,"Handelseinheit",Kostenaufstellungen!L296)) -> Durchschnittseinkaufspreis pro Handelseinheit | D52: =Kostenaufstellungen!F333 -> Dateneingabe fehlt | F52: =Kostenaufstellungen!F372 -> Dateneingabe fehlt
A53: =CONCATENATE("Jahresverbrauch in ",IF(Kostenaufstellungen!L296=0,"Handelseinheit",Kostenaufstellungen!L296)) -> Jahresverbrauch in Handelseinheit | D53: =IF(Kostenaufstellungen!F322=0,"Dateneingabe fehlt",Kostenaufstellungen!F322) -> Dateneingabe fehlt | F53: =IF(Kostenaufstellungen!F361=0,"Dateneingabe fehlt",Kostenaufstellungen!F361) -> Dateneingabe fehlt
A54: Faktor Preiserhöhung 2022 zu 2021 | F54: =IF($F$7="Dateneingabe fehlt","Dateneingabe fehlt",IF(ISERROR(F52/D52),"Dateneingabe fehlt",F52/D52)) -> Dateneingabe fehlt | H54: =IF(F54="Dateneingabe fehlt","",IF(F54>=3,"Mindestpreissteigerung erreicht","Preissteigerung zu niedrig")) | M54: =IF(F54>=3,0,1) -> 0 | N54: =IF(F54="Dateneingabe fehlt",1,0) -> 1
A55: Betroffenheitsgrad 2022 für diesen Energieträger | F55: =IF($D$7="Dateneingabe fehlt","Dateneingabe fehlt",IF(F54="Dateneingabe fehlt","Dateneingabe fehlt",F52/D52*$D$7)) -> Dateneingabe fehlt | H55: =IF(OR(F54="Dateneingabe fehlt",F55="Dateneingabe fehlt"),"",IF(F55>=0.2,"Mindestbetroffenheitsgrad erreicht","Betroffenheitsgrad zu niedrig")) | M55: =IF(F55>=0.2,0,1) -> 0 | N55: =IF(F55="Dateneingabe fehlt",1,0) -> 1
A56: Voraussichtlicher Leistungsbetrag vor Höchstbetrag | B56: 2/12 des Jahresverbauchs 2022 multipliziert mit dem durchschnittlichen Einkaufspreis 2022 | F56: =IFERROR(IF(AND(N56>0,N56<2500),N56,""),"") | H56: =IFERROR(IF(OR(F54="Dateneingabe fehlt",N56=0),"",IF(N56<2500,"Bagatellgrenze von 2.500 € nicht erreicht","")),"") | J56: =IF(ISERROR(N56),0,IF(AND(SUM(N54:N55)=0,N56>=2500),N56,0)) -> 0 | N56: =IF(L13=1,0,IF(SUM(M54:M55)=0,F52*F53/6,0)) -> #VALUE!
A58: f) Anderer Energieträger 3 | B58: =IF(Kostenaufstellungen!E376="","",Kostenaufstellungen!E376)
A59: Handelseinheit | B59: =IF(Kostenaufstellungen!L378=0,"",Kostenaufstellungen!L378) | H59: Eingaben sind im Tabellenblatt "Kostenaufstellung" vorzunehmen
A60: =CONCATENATE("Durchschnittseinkaufspreis pro ",IF(Kostenaufstellungen!L378=0,"Handelseinheit",Kostenaufstellungen!L378)) -> Durchschnittseinkaufspreis pro Handelseinheit | D60: =Kostenaufstellungen!F415 -> Dateneingabe fehlt | F60: =Kostenaufstellungen!F454 -> Dateneingabe fehlt
A61: =CONCATENATE("Jahresverbrauch in ",IF(Kostenaufstellungen!L378=0,"Handelseinheit",Kostenaufstellungen!L378)) -> Jahresverbrauch in Handelseinheit | D61: =IF(Kostenaufstellungen!F404=0,"Dateneingabe fehlt",Kostenaufstellungen!F404) -> Dateneingabe fehlt | F61: =IF(Kostenaufstellungen!F443=0,"Dateneingabe fehlt",Kostenaufstellungen!F443) -> Dateneingabe fehlt
A62: Faktor Preiserhöhung 2022 zu 2021 | F62: =IF($F$7="Dateneingabe fehlt","Dateneingabe fehlt",IF(ISERROR(F60/D60),"Dateneingabe fehlt",F60/D60)) -> Dateneingabe fehlt | H62: =IF(F62="Dateneingabe fehlt","",IF(F62>=3,"Mindestpreissteigerung erreicht","Preissteigerung zu niedrig")) | M62: =IF(F62>=3,0,1) -> 0 | N62: =IF(F62="Dateneingabe fehlt",1,0) -> 1
A63: Betroffenheitsgrad 2022 für diesen Energieträger | F63: =IF($D$7="Dateneingabe fehlt","Dateneingabe fehlt",IF(F62="Dateneingabe fehlt","Dateneingabe fehlt",F60/D60*$D$7)) -> Dateneingabe fehlt | H63: =IF(OR(F62="Dateneingabe fehlt",F63="Dateneingabe fehlt"),"",IF(F63>=0.2,"Mindestbetroffenheitsgrad erreicht","Betroffenheitsgrad zu niedrig")) | M63: =IF(F63>=0.2,0,1) -> 0 | N63: =IF(F63="Dateneingabe fehlt",1,0) -> 1
A64: Voraussichtlicher Leistungsbetrag vor Höchstbetrag | B64: 2/12 des Jahresverbauchs 2022 multipliziert mit dem durchschnittlichen Einkaufspreis 2022 | F64: =IFERROR(IF(AND(N64>0,N64<2500),N64,""),"") | H64: =IFERROR(IF(OR(F62="Dateneingabe fehlt",N64=0),"",IF(N64<2500,"Bagatellgrenze von 2.500 € nicht erreicht","")),"") | J64: =IF(ISERROR(N64),0,IF(AND(SUM(N62:N63)=0,N64>=2500),N64,0)) -> 0 | N64: =IF(L13=1,0,IF(SUM(M62:M63)=0,F60*F61/6,0)) -> #VALUE!
A66: Summe der voraussichtlichen Leistungsbeträge vor Höchstbetrag (Stufe 1) - Übertrag in das Tabellenblatt "Ergebnis" | J66: =ROUND(SUM(J4:J65),2) -> 0

Sheet Stufe 2 und 3
A1: Stufe 2 - Härtefallhilfe Plus 2022 | L1: =Stammdaten!AN1 -> V. 1.0.2 | S1: Vollst
A3: Liegen Verluste für den Zeitraum Juli bis Dezember 2022 vor und möchten Sie einen Antrag nach Stufe 2 | F3: Nein | P3: =IF(F3="Ja",1,0) -> 0
A4: oder für die Härtefallkommission (Stufe 3) stellen?
A6: Ermittlung des maßgeblichen Energieintensität (Energiekosten im Verhältnis zum Umsatz)
A8: Energieintensität 2021 | B8: =IF(P8=1,"Daten fehlen",'Stufe 1'!D7) -> Daten fehlen | D8: vgl. Tabellenblatt 'Stufe 1' | P8: =IF('Stufe 1'!D7="Dateneingabe fehlt",1,0) -> 1 | S8: =P8 -> 1
A10: (§) Alternativ: Energieintensität 2020 | B10: Nein | D10: =IF(P10=1,"(§) Höhe:","") | H10: =IF(S10=1,"Dateneingabe unvollständig","") | P10: =IF(B10="Ja",1,0) -> 0 | Q10: =IF(P10=1,F10,IF(P8=1,0,B8)) -> 0 | R10: =IF(P8=1,IF(P10=1,F10,0),B8) -> 0 | S10: =IF(AND(P10=1,OR(Q10=0,B12="")),1,0) -> 0
A12: =IF(P10=1,"(§) Begründung, für die Berücksichtigung der Energieintensität 2020:","")
B16: Ergebnis: | C16: =IF(OR(B8="Daten fehlen",F10="Daten fehlen"),"",IF(OR(B8>=0.05,AND(P10=1,F10>=0.05)),"Mindestenergieintensität erfüllt","Mindestenergieintensität nicht erfüllt")) | G16: 1 | I16: Übernommener Wert: | L16: =Q16 -> 0 | Q16: =MAX(Q10:R10) -> 0
A19: Ermittlung der leistungsfähigen Kosten der Energieträger
B20: Erdgas | D20: Fernwärme | F20: Strom | H20: =IF(Kostenaufstellungen!E212="","And. Energieträger 1",Kostenaufstellungen!E212) -> And. Energieträger 1 | J20: =IF(Kostenaufstellungen!E294="","And. Energieträger 2",Kostenaufstellungen!E294) -> And. Energieträger 2 | L20: =IF(Kostenaufstellungen!E376="","And. Energieträger 3",Kostenaufstellungen!E376) -> And. Energieträger 3
A21: Faktor Preiserhöhung 2022 ggü. 2021 (vgl. Tabellenblatt 'Stufe 1') | B21: =IF('Stufe 1'!F20="Dateneingabe fehlt","Daten fehlen",'Stufe 1'!F20) -> Daten fehlen | D21: =IF('Stufe 1'!F27="Dateneingabe fehlt","Daten fehlen",'Stufe 1'!F27) -> Daten fehlen | F21: =IF('Stufe 1'!F34="Dateneingabe fehlt","Daten fehlen",'Stufe 1'!F34) -> Daten fehlen | H21: =IF('Stufe 1'!F46="Dateneingabe fehlt","Daten fehlen",'Stufe 1'!F46) -> Daten fehlen | J21: =IF('Stufe 1'!F54="Dateneingabe fehlt","Daten fehlen",'Stufe 1'!F54) -> Daten fehlen | L21: =IF('Stufe 1'!F62="Dateneingabe fehlt","Daten fehlen",'Stufe 1'!F62) -> Daten fehlen
A22: Prüfung: Mindestfaktor von 2,00 erreicht | B22: =IF(B21="Daten fehlen","Daten fehlen",IF(B21>=2,"Erfüllt","Nicht erfüllt")) -> Daten fehlen | D22: =IF(D21="Daten fehlen","Daten fehlen",IF(D21>=2,"Erfüllt","Nicht erfüllt")) -> Daten fehlen | F22: =IF(F21="Daten fehlen","Daten fehlen",IF(F21>=2,"Erfüllt","Nicht erfüllt")) -> Daten fehlen | H22: =IF(H21="Daten fehlen","Daten fehlen",IF(H21>=2,"Erfüllt","Nicht erfüllt")) -> Daten fehlen | J22: =IF(J21="Daten fehlen","Daten fehlen",IF(J21>=2,"Erfüllt","Nicht erfüllt")) -> Daten fehlen | L22: =IF(L21="Daten fehlen","Daten fehlen",IF(L21>=2,"Erfüllt","Nicht erfüllt")) -> Daten fehlen
A24: Verbrauch für das Kalenderjahr 2022 in der jeweiligen Handelseinheit | B24: ='Stufe 1'!F19 -> Dateneingabe fehlt | D24: ='Stufe 1'!F26 -> Dateneingabe fehlt | F24: ='Stufe 1'!F33 -> Dateneingabe fehlt | H24: ='Stufe 1'!F45 -> Dateneingabe fehlt | J24: ='Stufe 1'!F53 -> Dateneingabe fehlt | L24: ='Stufe 1'!F61 -> Dateneingabe fehlt
A25: (vgl. Tabellenblatt 'Kostenaufstellung')
A26: (§) Verbrauch von Juli bis Dezember 2022 in der jeweiligen Handelseinheit | N26: =IF(S26=1,"Daten fehlen","") -> Daten fehlen | S26: =IF(SUM(B26:L26)=0,1,0) -> 1
B27: =IFERROR(IF(B26>B24,"Bitte Eingabe prüfen",""),"") | D27: =IFERROR(IF(D26>D24,"Bitte Eingabe prüfen",""),"") | F27: =IFERROR(IF(F26>F24,"Bitte Eingabe prüfen",""),"") | H27: =IFERROR(IF(H26>H24,"Bitte Eingabe prüfen",""),"") | J27: =IFERROR(IF(J26>J24,"Bitte Eingabe prüfen",""),"") | L27: =IFERROR(IF(L26>L24,"Bitte Eingabe prüfen",""),"")
A29: Ergebnis: Kosten nach Durchschnittspreisen 2022 | B29: =IF($B$26=0,"Daten fehlen",IF($B$22="Erfüllt",('Stufe 1'!$F$18)*$B$26,"Kein Ansatz")) -> Daten fehlen | D29: =IF($D$26=0,"Daten fehlen",IF($D$22="Erfüllt",'Stufe 1'!F25*$D$26,"Kein Ansatz")) -> Daten fehlen | F29: =IF($F$26=0,"Daten fehlen",IF($F$22="Erfüllt",('Stufe 1'!$F$32)*$F$26,"Kein Ansatz")) -> Daten fehlen | H29: =IF($H$26=0,"Daten fehlen",IF($H$22="Erfüllt",('Stufe 1'!$F$44)*$H$26,"Kein Ansatz")) -> Daten fehlen | J29: =IF($J$26=0,"Daten fehlen",IF($J$22="Erfüllt",('Stufe 1'!$F$52)*$J$26,"Kein Ansatz")) -> Daten fehlen | L29: =IF($L$26=0,"Daten fehlen",IF($L$22="Erfüllt",('Stufe 1'!$F$60)*$L$26,"Kein Ansatz")) -> Daten fehlen
A30: Ergebnis: Mehrkosten nach Durchschnittspreisen 2022 ggü. 2021 | B30: =IF($B$26=0,"Daten fehlen",IF($B$22="Erfüllt",('Stufe 1'!$F$18-'Stufe 1'!$D$18)*$B$26,"Kein Ansatz")) -> Daten fehlen | D30: =IF($D$26=0,"Daten fehlen",IF($D$22="Erfüllt",('Stufe 1'!$F$25-'Stufe 1'!$D$25)*$D$26,"Kein Ansatz")) -> Daten fehlen | F30: =IF($F$26=0,"Daten fehlen",IF($F$22="Erfüllt",('Stufe 1'!$F$32-'Stufe 1'!$D$32)*$F$26,"Kein Ansatz")) -> Daten fehlen | H30: =IF($H$26=0,"Daten fehlen",IF($H$22="Erfüllt",('Stufe 1'!$F$44-'Stufe 1'!$D$44)*$H$26,"Kein Ansatz")) -> Daten fehlen | J30: =IF($J$26=0,"Daten fehlen",IF($J$22="Erfüllt",('Stufe 1'!$F$52-'Stufe 1'!$D$52)*$J$26,"Kein Ansatz")) -> Daten fehlen | L30: =IF($L$26=0,"Daten fehlen",IF($L$22="Erfüllt",('Stufe 1'!$F$60-'Stufe 1'!$D$60)*$L$26,"Kein Ansatz")) -> Daten fehlen
A31: davon 80% | B31: =IF(B30="Daten fehlen","Daten fehlen",(IF(B29="Kein Ansatz","Kein Ansatz",ROUND(B30*0.8,2)))) -> Daten fehlen | D31: =IF(D30="Daten fehlen","Daten fehlen",(IF(D29="Kein Ansatz","Kein Ansatz",ROUND(D30*0.8,2)))) -> Daten fehlen | F31: =IF(F30="Daten fehlen","Daten fehlen",(IF(F29="Kein Ansatz","Kein Ansatz",ROUND(F30*0.8,2)))) -> Daten fehlen | H31: =IF(H30="Daten fehlen","Daten fehlen",(IF(H29="Kein Ansatz","Kein Ansatz",ROUND(H30*0.8,2)))) -> Daten fehlen | J31: =IF(J30="Daten fehlen","Daten fehlen",(IF(J29="Kein Ansatz","Kein Ansatz",ROUND(J30*0.8,2)))) -> Daten fehlen | L31: =IF(L30="Daten fehlen","Daten fehlen",(IF(L29="Kein Ansatz","Kein Ansatz",ROUND(L30*0.8,2)))) -> Daten fehlen
A33: Gesamte berücksichtigungsfähige Energie-Mehrkosten (100%) | B33: =IF(SUM(B30:N30)=0,"Daten fehlen",SUM(B30:N30)) -> Daten fehlen | D33: (Summe Zeile 30)
A34: davon 80% | B34: =IF(SUM(B31:N31)=0,"Daten fehlen",ROUND(SUM(B31:N31),2)) -> Daten fehlen | C34: 2 | D34: (Summe Zeile 31)
A37: Ermittlung des maßgeblichen Ergebnisses nach steuerlichen Vorschriften
A39: Form der steuerlichen Gewinnermittlung 2022 (Antragsteller): | B39: Steuerbilanz/Handelsbilanz m. Überleitung | F39: =IF(Q39=1,"Bitte Auswahl treffen","") | P39: =IFERROR(VLOOKUP(B39,I_SV!K11:L13,2,FALSE),0) -> 1 | Q39: =IF(B39="",1,0) -> 0 | S39: =Q39 -> 0
A41: Für den Antragsteller und die verbundenen Unternehmen | B41: Anteil für den Leistungszeitraum Jul. bis Dez. 2022
A42: =IFERROR(VLOOKUP(P39,I_SV!K16:L18,2,FALSE),"") -> (§) Anteiliges Ergebnis Steuerbilanz/Überleitungsr. o. außerbilanzielle Korrekturen | C42: Antragsteller | F42: Verluste und Ausgaben sind negativ einzugeben.
A43: =IFERROR(VLOOKUP(P39,I_SV!K22:L24,2,FALSE),"")
A44: =IFERROR(VLOOKUP(P39,I_SV!K28:L30,2,FALSE),"") | F44: Abschreibungen und Jahresbeträge sind gleichmäßig auf die Kalendermonate zu verteilen.
A45: =IFERROR(VLOOKUP(P39,I_SV!K33:L35,2,FALSE),"")
A46: (§) Sonderbetriebseinnahmen der Gesellschafter | F46: Bei Gesellschaften inklusive Werte der Sonderbilanz I und II, jedoch | P46: =IFERROR(IF(AND($P$39<3,$Q$46<=9,$Q$46>2),1,0),0) -> 0 | Q46: =Stammdaten!#REF! -> #REF!
A47: (§) Sonderbetriebsausgaben der Gesellschafter | F47: ohne Werte der Ergänzungsbilanz
A48: (§) Summe Ergebnis verbundene Unternehmen
A50: Summe (Maßgebliches Ergebnis nach steuerlichen Vorschriften für den | B50: =IF(Q39=1,0,SUM(B42:B49)) -> 0 | C50: 3 | D50: =IF(S50=1,"Dateneingabe fehlt","") -> Dateneingabe fehlt | H50: =IF(B50>0,"Kein Verlust","") | S50: =IF(B50=0,1,0) -> 1
A51: Leistungszeitraum Juli bis Dezember 2022)
A54: Prüfung der Leistungsvoraussetzungen
A56: Prüfung: Existenzgefährdung | B56: =IF(OR(B34=0,B50=0,S26=1),"Daten fehlen",IF(AND(B34>=(-0.5*B50),B50<0),"Erfüllt","Nicht erfüllt")) -> Daten fehlen | F56: Eine Existenzbedrohung liegt vor, wenn die Mehrkosten für Energie nach Durschnittspreisen mindestens 50% des Verlustes betragen. | P56: =IF(B56="Erfüllt",1,0) -> 0
A59: Prüfung: Mindestenergieintensität von 5% erreicht (Ergebnis 1)? | B59: =IF(OR(B8="Daten fehlen",F10="Daten fehlen"),"Daten fehlen",IF(OR(B8>=0.05,AND(P10=1,F10>=0.05)),"Erfüllt","Nicht erfüllt")) -> Daten fehlen | P59: =IF(B59="Erfüllt",1,0) -> 0
A61: (§) Liegt eine positive Fortführungsprognose bis April 2024 mit Bestätigung durch einen Steuerberater, Wirtschaftsprüfer oder Rechtsanwalt vor? | D61: =IF(Q61=1,"Bitte Auswahl treffen","") -> Bitte Auswahl treffen | F61: Eine positive Fortführungsprognose mit Rentabilitätsvorschau und Liquiditätsplan mit Bestätigung eines prüfenden Dritten bis einschließlich April 2024 unter Berücksichtigung des Leistungsbetrags ist erforderlich. Hierfür steht ein separates Formular zur Verfügung. | P61: =IF(B61="JA",1,0) -> 0 | Q61: =IF(B61="",1,0) -> 1 | S61: =Q61 -> 1
A65: Sonstige Leistungsausschlüsse | B65: =IF(P65=1,"Genereller Leistungsausschluss (vgl. Zeilen 29 bis 41 im Tabellenblatt 'Stammdaten')","") | P65: =IF(Stammdaten!BD43=1,0,IF(Stammdaten!BE43=1,1,0)) -> 0
B66: =IF(P66=1,"Unternehmen in Schwierigkeiten (vgl. Zeile 45 im Tabellenblatt 'Stammdaten')","") | P66: =IF(Stammdaten!BD45=1,0,IF(Stammdaten!BE45=1,1,0)) -> 0
B67: =IF(P67=1,"Großbetrieb (vgl. Zeile 75 im Tabellenblatt 'Stammdaten')","") | P67: =IF(Stammdaten!BF75=4,1,0) -> 0
P68: =MAX(P65:P67) -> 0
A69: Ergebnis der Leistungsprüfung der Stufe 2: | B69: =IF(P69=1,"Erfüllt","Nicht erfüllt") -> Nicht erfüllt | P69: =IF(AND(SUM(P56:P61)=3,P68=0),1,0) -> 0
A72: Berechnung des voraussichtlichen Leistungsbetrags der Stufe 2 vor Höchstbetrag
A74: Energie-Mehrkosten (Betrag 2) | B74: =IF(OR(P69=0,B34="Daten fehlen"),0,B34) -> 0
A76: Maßgeblicher Verlust nach steuerlichen Vorschriften (Betrag 3) | B76: =IF(P69=0,0,IF(B50<0,-B50,0)) -> 0
A78: Ansatz des kleineren Betrags | B78: =MIN(B74:B76) -> 0
A80: Bagatellgrenze von 2.500 € überschritten? | B80: =IF(P80=0,"Nicht erfüllt","Erfüllt") -> Nicht erfüllt | P80: =IFERROR(IF(B78<=2500,0,1),0) -> 0
A82: Voraussichtlicher Leistungsbetrag der Stufe 2 vor Höchstbetrag - Übertrag in das Tabellenblatt 'Ergebnis' | B82: =IF(P80=0,0,IF(P3=1,B78,0)) -> 0
A86: Stufe 3 - Härtefallhilfe Plus mit Antrag Härtefallkommission
A88: Möchten Sie einen Antrag an die Härtefallkommission stellen? | D88: Nein | H88: =IF(Q88=1,"Vorstehende Dateneingaben unvollständig","") -> Vorstehende Dateneingaben unvollständig | P88: =IF(D88="Ja",1,0) -> 0 | Q88: =IF(OR(B34="Daten fehlen",S93=1),1,0) -> 1
A90: =IF(P88=1,"Beantragter zusätzlicher Zuschuss zu den voraussichtlichen Leistungen der Stufe 1 und 2","") | H90: =IF(P90=1,"Dateneingabe unvollständig","") | P90: =IF(AND(P88=1,OR(D90="",A94="")),1,0) -> 0 | Q90: =IF(AND(P88=1,P90=0,P3=1),D90,0) -> 0 | S90: =P90 -> 0
A91: (Maximalbetrag 500.000 €)
A93: =IF(P88=1,"(§) Bitte stellen Sie Ihre besondere Situation dar und gehen Sie auf etwaige Leistungsausschlüsse der Stufe 2 ein.","") | S93: =IF(P3=1,MAX(S5:S90),0) -> 0

Sheet Ergebnis
A1: Gesamt-Berechnungsergebnis | G1: =Stammdaten!AN1 -> V. 1.0.2
A3: Hier wird das Gesamt-Berechnungsergebnis der Stufen dargestellt. Die Berechnung hat keine Rechtsverbindlichkeit. Maßgeblich ist allein der Bewilligungsbescheid der Sächsischen Aufbaubank.
A5: Voraussichtlicher Leistungsbetrag Stufe 1 (vgl. Tabellenblatt 'Stufe 1') | C5: ='Stufe 1'!J66 -> 0 | E5: Die Dateneingaben in folgenden Tabellen sind vollständig: | H5: =(C5/C15)*I18 -> #DIV/0!
A6: Voraussichtlicher Leistungsbetrag Stufe 2 (vgl. Tabellenblatt 'Stufe 2 und 3') | C6: ='Stufe 2 und 3'!B82 -> 0 | H6: =(H7/C15)*I18 -> #DIV/0!
A7: Kürzung des voraussichtlichen Leistungsbetrags der Stufe 2 um Leistungen der Stufe 1 (Anrechnung) | C7: =IF((C6-C5)<0,-C6,-C5) -> 0 | E7: Tabellenblatt 'Stammdaten': | F7: =IF(Stammdaten!$BD$118=1,"Nein","Ja") -> Nein | H7: =SUM(C6:C7) -> 0 | J7: =IF(Stammdaten!$BD$118=1,1,0) -> 1
A8: Zwischensumme 1 (Stufe 1 und 2 vor Höchstbetrag) | C8: =SUM(C5:C7) -> 0 | E8: Tabellenblatt 'Betriebsstätten': | F8: =IF(Betriebsstätten!$T$82>0,"Nein","Ja") -> Nein | H8: =C18/C8 -> #VALUE! | J8: =IF(Betriebsstätten!$T$82=1,1,0) -> 1
E9: Tabellenblatt 'Kostenaufstellung': | F9: =IF(Kostenaufstellungen!$P$456=1,"Nein","Ja") -> Ja | J9: =IF(Kostenaufstellungen!$P$456=1,1,0) -> 0
A10: Beantragter Leistungsbetrag Härtefallkommission - Stufe 3 (vgl. Tabellenblatt 'Stufe 2 und 3') | C10: ='Stufe 2 und 3'!Q90 -> 0 | E10: Tabellenblatt 'Stufe 2 und 3': | F10: =IF('Stufe 2 und 3'!$S$93=1,"Nein","Ja") -> Ja | G10: (nicht erforderlich für die Anzeige des Leistungsbetrags)
A11: Anrechnung der Leistungen der Stufe 1 und 2 (Zwischensumme 1) | C11: =IF((C10-C8)<0,-C10,-C8) -> 0 | E11: Tabellenblatt "Ergebnis": | F11: =IF(Ergebnis!$J$26=1,"Nein","Ja") -> Ja | J11: =IF(Ergebnis!$J$26=1,1,0) -> 0
A12: Zwischensumme 2 (Stufe 3 vor Höchstbetrag) | C12: =SUM(C10:C11) -> 0 | H12: =(C8+C12) -> 0 | I12: =C15/H12 -> #DIV/0! | J12: =MAX(J7:J11) -> 1
E13: Erst bei einer vollständigen Eingabe soll die Berechnungshilfe im Förderportal hochgeladen werden.
A14: Kürzung um Leistungen aus Programmen des Bundes und der Länder (s. nachstehende Tabelle) | C14: =-F45 -> 0 | E14: Der Leistungsbetrag wird bis zur vollständigen Eingabe mit "Dateneingabe fehlt" ausgewiesen.
A15: Zwischensumme 3 (voraussichtlicher Leistungsbetrag Stufe 1 bis 3 nach Anrechnung anderer Leistungen) | C15: =IF((C8+C12+C14)<0,0,(C8+C12+C14)) -> 0 | D15: 1
A17: =CONCATENATE(IF(AND('Stufe 2 und 3'!P88=1,'Stufe 2 und 3'!P90=0),"Erhöhter ","Regel-"),"Höchstbetrag") -> Regel-Höchstbetrag | C17: =IF(AND('Stufe 2 und 3'!P88=1,'Stufe 2 und 3'!P90=0,'Stufe 2 und 3'!P3=1),500000,100000) -> 100000 | D17: 2
A18: Voraussichtlicher Gesamtleistungsbetrag | C18: =IF(J12=1,"Dateneingabe fehlt",MIN(C15:C17)) -> Dateneingabe fehlt | E18: Übertrag ins Förderportal | I18: =C18/C15 -> #VALUE!
A22: Anzurechnende Leistungen des Bundes und der Länder für Energiekosten im Leistungszeitraum Juli bis Dezember 2022
A26: (§) Haben Sie Zuschüsse für Energiekosten aus anderen Programmen des Bundes und der Länder für den Leistungszeitraum Juli bis Dezember 2022 erhalten? | C26: Nein | E26: =IF(J26=1,"Bitte Auswahl treffen","") | H26: =IF(C26="Ja",1,0) -> 0 | J26: =IF(C26="",1,0) -> 0
F28: Übernahme für weitere Berechnung
A29: (§) Programmname | B29: (§) Bund | C29: (§) Freistaat Sachsen/ Andere Bundesländer | D29: (§) Leistungszeitraum | F29: (§) Anteil für den Leistungszeitraum Juli bis Dezember 2022 für die sächsischen Betriebsstätten
A30: Energiekostendämpfungsprogramm des BAFA
A31: Kleinbeihilfe für die Landwirtschaft
A32: Anpassungsbeihilfe für die Landwirtschaft
A33: Krisenbeihilfen für die Aquakultur im Freistaat Sachsen
A45: Summen | B45: =SUM(B30:B44) -> 0 | C45: =SUM(C30:C44) -> 0 | F45: =SUM(F30:F44) -> 0

Sheet SAB
A1: Für Zwecke der SAB | H1: =Stammdaten!AN1 -> V. 1.0.2
A3: Vollständigkeit Daten
A4: Tabelle 'Stammdaten': | B4: =IF(Stammdaten!$BD$118=1,"Nein","Ja") -> Nein
A5: Tabelle 'Betriebsstätten': | B5: =IF(Betriebsstätten!$T$82=1,"Nein","Ja") -> Nein
A6: Tabelle 'Kostenaufstellung': | B6: =IF(Kostenaufstellungen!$P$456=1,"Nein","Ja") -> Ja | C6: Verbräuche angegeben: | D6: =IF(Kostenaufstellungen!Q456=0,"Nein","Ja") -> Nein
A7: Tabelle 'Stufe 2 und 3': | B7: =IF('Stufe 2 und 3'!$S$93=1,"Nein","Ja") -> Ja | C7: Antrag Stufe 2: | D7: =IF('Stufe 2 und 3'!P3=0,"Nein","Ja") -> Nein | E7: Antrag Stufe 3: | F7: =IF('Stufe 2 und 3'!P88=0,"Nein","Ja") -> Nein
A8: Tabelle "Ergebnis": | B8: =IF(Ergebnis!$J$26=1,"Nein","Ja") -> Ja
A10: Überkompensationsprüfung (Stufe 2 und 3)
A11: Energiemehrkosten | D11: =IF('Stufe 2 und 3'!B33="Daten fehlen","",'Stufe 2 und 3'!B33) | E11: lt. Tabellenblatt "Stufe 2 und 3"
A12: Voraussichtlicher Leistungsbetrag | D12: =IFERROR(-Ergebnis!C18,"") | E12: lt. Tabellenblatt "Ergebnis"
A13: verbleiben | D13: =IFERROR(D11+D12,"")
A15: Dezember-Hilfe | D15: =IF((Stammdaten!AE85+Stammdaten!AE87)=0,"",-Stammdaten!AE85+Stammdaten!AE87)
A16: Eigenbeitrag nach Anrechnung Dezember-Hilfe | D16: =IFERROR(D13+D15,"")
A18: Verbleiben 5 % der Energiemehrkosten als Eigenbeitrag? | C18: =IFERROR(IF(D16>D17,"Ja","Nein"),"") -> Nein | D18: =IFERROR(D11*0.05,"") | E18: (Eigenbeitrag 5% der Energiemehrkosten)
A20: Datenerfassung - Daten zu den Energieträgern (Leistungszeitraum 2022)
D21: Umrechner
D22: Handelseinheit: | E22: =IF(Kostenaufstellungen!G212=0,"",Kostenaufstellungen!G212) | F22: =IF(Kostenaufstellungen!G294=0,"",Kostenaufstellungen!G294) | G22: =IF(Kostenaufstellungen!G376=0,"",Kostenaufstellungen!G376)
D23: Verbrauch 2021: | E23: =Kostenaufstellungen!F240 -> Dateneingabe fehlt | F23: =Kostenaufstellungen!F322 -> Dateneingabe fehlt | G23: =Kostenaufstellungen!F404 -> Dateneingabe fehlt
D24: Verbrauch 2022: | E24: =Kostenaufstellungen!F279 -> Dateneingabe fehlt | F24: =Kostenaufstellungen!F361 -> Dateneingabe fehlt | G24: =Kostenaufstellungen!F443 -> Dateneingabe fehlt
D25: Durchschnittspreis 2021: | E25: =Kostenaufstellungen!F251 -> Dateneingabe fehlt | F25: =Kostenaufstellungen!F333 -> Dateneingabe fehlt | G25: =Kostenaufstellungen!F415 -> Dateneingabe fehlt
D26: Durchschnittspreis 2022: | E26: =Kostenaufstellungen!F290 -> Dateneingabe fehlt | F26: =Kostenaufstellungen!F372 -> Dateneingabe fehlt | G26: =Kostenaufstellungen!F454 -> Dateneingabe fehlt
A28: ET_Name | B28: =B92 -> Erdgas | C28: =C92 -> Fernwärme | D28: =D92 -> Strom | E28: =E92 -> And. Energieträger 1 | F28: =F92 -> And. Energieträger 2 | G28: =G92 -> And. Energieträger 3 | I28: Name des Energieträgers
A29: ET_Pr_2021 (pro kWh) | B29: =Kostenaufstellungen!F39 -> Dateneingabe fehlt | C29: =Kostenaufstellungen!F107 -> Dateneingabe fehlt | D29: =Kostenaufstellungen!F175 -> Dateneingabe fehlt | E29: <personell> | F29: <personell> | G29: <personell> | I29: Preis 21 bez. Energieträger
A30: LZ_ET_Pr (pro kWh) | B30: =Kostenaufstellungen!F72 -> Dateneingabe fehlt | C30: =Kostenaufstellungen!F140 -> Dateneingabe fehlt | D30: =Kostenaufstellungen!F208 -> Dateneingabe fehlt | E30: <personell> | F30: <personell> | G30: <personell> | I30: Preis im LZ bez. Energieträger
A31: ET_Vrb_2021 (in kWh) | B31: =Kostenaufstellungen!F28 -> Dateneingabe fehlt | C31: =Kostenaufstellungen!F96 -> Dateneingabe fehlt | D31: =Kostenaufstellungen!F164 -> Dateneingabe fehlt | E31: <personell> | F31: <personell> | G31: <personell> | I31: Verbrauchte Energieträger 21
A32: LZ_ET_Vrb (in kWh) | B32: ='Stufe 2 und 3'!B26 -> 0 | C32: ='Stufe 2 und 3'!D26 -> 0 | D32: ='Stufe 2 und 3'!F26 -> 0 | E32: <personell> | F32: <personell> | G32: <personell> | I32: Verbrauchte Energieträger LZ
A33: ET_Leist | B33: =B93 -> 0 | C33: =C93 -> 0 | D33: =D93 -> 0 | E33: =E93 -> 0 | F33: =F93 -> 0 | G33: =G93 -> 0 | I33: Leistungsbet. Energieträger LZ
B34: =IF(B33=0,1,0) -> 1 | C34: =IF(C33=0,1,0) -> 1 | D34: =IF(D33=0,1,0) -> 1 | E34: =IF(E33=0,1,0) -> 1 | F34: =IF(F33=0,1,0) -> 1 | G34: =IF(G33=0,1,0) -> 1
A36: Details
A37: Leistungen Stufe 1 | D37: Leistungsvoraussetzungen: | F37: =IF('Stufe 1'!M13=1,"Nicht erfüllt","Erfüllt") -> Erfüllt
B39: Erdgas | C39: Fernwärme | D39: Strom | E39: ='Stufe 2 und 3'!$H$20 -> And. Energieträger 1 | F39: ='Stufe 2 und 3'!$J$20 -> And. Energieträger 2 | G39: ='Stufe 2 und 3'!$L$20 -> And. Energieträger 3 | I39: Summe
A40: Leistungsbetrag vor Höchstbetrag | B40: ='Stufe 1'!J22 -> 0 | C40: ='Stufe 1'!J29 -> 0 | D40: ='Stufe 1'!J36 -> 0 | E40: ='Stufe 1'!J48 -> 0 | F40: ='Stufe 1'!J56 -> 0 | G40: ='Stufe 1'!J64 -> 0 | I40: =SUM(B40:G40) -> 0
A41: Anteil an Summe | B41: =IFERROR(ROUND(B40/$I$40,4),"") | C41: =IFERROR(ROUND(C40/$I$40,4),"") | D41: =IFERROR(ROUND(D40/$I$40,4),"") | E41: =IFERROR(ROUND(E40/$I$40,4),"") | F41: =IFERROR(ROUND(F40/$I$40,4),"") | G41: =IFERROR(ROUND(G40/$I$40,4),"") | I41: =SUM(B41:G41) -> 0
A43: Leistungsbetrag Stufe 1 vor Höchstbetrag | C43: Anteil an Zwischensumme 1: | F43: =ROUND(Ergebnis!C5/Ergebnis!C8,4) -> #DIV/0! | I43: ='Stufe 1'!J66 -> 0
A44: Leistungsbetrag Stufe 1 nach Höchstbetrag | C44: Anteil am Gesamtleistungsbetrag nach Höchstbetrag: | F44: =Ergebnis!I12*Ergebnis!I18 -> #DIV/0! | I44: =I43*F44 -> #DIV/0!
A46: umgelegt auf die Energieträger | B46: =IFERROR(ROUND(B40*$F$44,2),0) -> 0 | C46: =IFERROR(ROUND(C40*$F$44,2),0) -> 0 | D46: =IFERROR(ROUND(D40*$F$44,2),0) -> 0 | E46: =IFERROR(ROUND(E40*$F$44,2),0) -> 0 | F46: =IFERROR(ROUND(F40*$F$44,2),0) -> 0 | G46: =IFERROR(ROUND(G40*$F$44,2),0) -> 0 | I46: =SUM(B46:G46) -> 0
A47: Ausgleich Rundungsdifferenz | B47: =IFERROR(ROUND($I$47*B41,2),0) -> 0 | C47: =IFERROR(ROUND($I$47*C41,2),0) -> 0 | D47: =IFERROR(ROUND($I$47*D41,2),0) -> 0 | E47: =IFERROR(ROUND($I$47*E41,2),0) -> 0 | F47: =IFERROR(ROUND($I$47*F41,2),0) -> 0 | G47: =IFERROR(ROUND($I$47*G41,2),0) -> 0 | I47: =(ROUND(I44-I46,2)) -> #DIV/0!
A48: verbleiben | B48: =SUM(B46:B47) -> 0 | C48: =SUM(C46:C47) -> 0 | D48: =SUM(D46:D47) -> 0 | E48: =SUM(E46:E47) -> 0 | F48: =SUM(F46:F47) -> 0 | G48: =SUM(G46:G47) -> 0 | I48: =SUM(B48:G48) -> 0
A51: Leistungen Stufe 2 | D51: Leistungsvoraussetzungen: | F51: ='Stufe 2 und 3'!B69 -> Nicht erfüllt
B53: Erdgas | C53: Fernwärme | D53: Strom | E53: ='Stufe 2 und 3'!$H$20 -> And. Energieträger 1 | F53: ='Stufe 2 und 3'!$J$20 -> And. Energieträger 2 | G53: ='Stufe 2 und 3'!$L$20 -> And. Energieträger 3 | I53: Summe
A54: 80% Mehrkosten | B54: ='Stufe 2 und 3'!B31 -> Daten fehlen | C54: ='Stufe 2 und 3'!D31 -> Daten fehlen | D54: ='Stufe 2 und 3'!F31 -> Daten fehlen | E54: ='Stufe 2 und 3'!H31 -> Daten fehlen | F54: ='Stufe 2 und 3'!J31 -> Daten fehlen | G54: ='Stufe 2 und 3'!L31 -> Daten fehlen | I54: =SUM(B54:G54) -> 0
A55: Anteil an Summe | B55: =IFERROR(ROUND(B54/$I$54,4),0) -> 0 | C55: =IFERROR(ROUND(C54/$I$54,4),0) -> 0 | D55: =IFERROR(ROUND(D54/$I$54,4),0) -> 0 | E55: =IFERROR(ROUND(E54/$I$54,4),0) -> 0 | F55: =IFERROR(ROUND(F54/$I$54,4),0) -> 0 | G55: =IFERROR(ROUND(G54/$I$54,4),0) -> 0 | I55: =SUM(B55:G55) -> 0
A57: Leistungsbetrag Stufe 2 vor Anrechnung Stufe 1 | C57: Faktor Leistungsbetrag Stufe 2: | F57: =IFERROR(ROUND(I57/I54,4),0) -> 0 | I57: =Ergebnis!C6 -> 0
A58: Leistungsbetrag Stufe 2 nach Anrechnung Stufe 1 | C58: Anteil an Zwischensumme 1: | F58: =ROUND(Ergebnis!H7/Ergebnis!C8,4) -> #DIV/0! | I58: =SUM(Ergebnis!C6:C7) -> 0
A60: umgelegt auf die Energieträger | B60: =IFERROR(ROUND(B54*$F$58*$F$57,2),0) -> 0 | C60: =IFERROR(ROUND(C54*$F$58*$F$57,2),0) -> 0 | D60: =IFERROR(ROUND(D54*$F$58*$F$57,2),0) -> 0 | E60: =IFERROR(ROUND(E54*$F$58*$F$57,2),0) -> 0 | F60: =IFERROR(ROUND(F54*$F$58*$F$57,2),0) -> 0 | G60: =IFERROR(ROUND(G54*$F$58*$F$57,2),0) -> 0 | I60: =SUM(B60:G60) -> 0
A61: Ausgleich Rundungsdifferenz | B61: =IFERROR(-ROUND($I$61*B55,2),0) -> 0 | C61: =IFERROR(-ROUND($I$61*C55,2),0) -> 0 | D61: =IFERROR(-ROUND($I$61*D55,2),0) -> 0 | E61: =IFERROR(-ROUND($I$61*E55,2),0) -> 0 | F61: =IFERROR(-ROUND($I$61*F55,2),0) -> 0 | G61: =IFERROR(-ROUND($I$61*G55,2),0) -> 0 | I61: =I60-I58 -> 0
A62: verbleiben | B62: =SUM(B60:B61) -> 0 | C62: =SUM(C60:C61) -> 0 | D62: =SUM(D60:D61) -> 0 | E62: =SUM(E60:E61) -> 0 | F62: =SUM(F60:F61) -> 0 | G62: =SUM(G60:G61) -> 0 | I62: =SUM(B62:G62) -> 0
A64: Leistungsbetrag Stufe 2 nach Höchstbetrag | C64: Anteil am Gesamtleistungsbetrag nach Höchstbetrag: | F64: =Ergebnis!I12*Ergebnis!I18 -> #DIV/0! | I64: =ROUND(I62*F64,2) -> #DIV/0!
A66: umgelegt auf die Energieträger | B66: =IFERROR(ROUND(B62*$F$64,2),0) -> 0 | C66: =IFERROR(ROUND(C62*$F$64,2),0) -> 0 | D66: =IFERROR(ROUND(D62*$F$64,2),0) -> 0 | E66: =IFERROR(ROUND(E62*$F$64,2),0) -> 0 | F66: =IFERROR(ROUND(F62*$F$64,2),0) -> 0 | G66: =IFERROR(ROUND(G62*$F$64,2),0) -> 0 | I66: =SUM(B66:G66) -> 0
A67: Ausgleich Rundungsdifferenz | B67: =IFERROR(ROUND($I$67*B55,2),0) -> 0 | C67: =IFERROR(ROUND($I$67*C55,2),0) -> 0 | D67: =IFERROR(ROUND($I$67*D55,2),0) -> 0 | E67: =IFERROR(ROUND($I$67*E55,2),0) -> 0 | F67: =IFERROR(ROUND($I$67*F55,2),0) -> 0 | G67: =IFERROR(ROUND($I$67*G55,2),0) -> 0 | I67: =I66-I64 -> #DIV/0!
A68: verbleiben | B68: =SUM(B66:B67) -> 0 | C68: =SUM(C66:C67) -> 0 | D68: =SUM(D66:D67) -> 0 | E68: =SUM(E66:E67) -> 0 | F68: =SUM(F66:F67) -> 0 | G68: =SUM(G66:G67) -> 0 | I68: =SUM(B68:G68) -> 0
A71: Leistungen Stufe 3
B73: Erdgas | C73: Fernwärme | D73: Strom | E73: ='Stufe 2 und 3'!$H$20 -> And. Energieträger 1 | F73: ='Stufe 2 und 3'!$J$20 -> And. Energieträger 2 | G73: ='Stufe 2 und 3'!$L$20 -> And. Energieträger 3 | I73: Summe
A74: Beantragter Leistungsbetrag Stufe 3 | I74: =Ergebnis!C10 -> 0
A75: Anrechnung Leistungen Stufe 1 und 2 | I75: =Ergebnis!C11 -> 0
A76: verbleiben | I76: =Ergebnis!C12 -> 0
A78: Beantragter Leistungsbetrag nach Höchstbetrag | C78: Anteil am Gesamtleistungsbetrag nach Höchstbetrag: | F78: =Ergebnis!I12*Ergebnis!I18 -> #DIV/0! | I78: =ROUND(I76*F78,2) -> #DIV/0!
A81: Kosten nach Durchschnittpreise 22 | B81: ='Stufe 2 und 3'!B29 -> Daten fehlen | C81: ='Stufe 2 und 3'!D29 -> Daten fehlen | D81: ='Stufe 2 und 3'!F29 -> Daten fehlen | E81: ='Stufe 2 und 3'!H29 -> Daten fehlen | F81: ='Stufe 2 und 3'!J29 -> Daten fehlen | G81: ='Stufe 2 und 3'!L29 -> Daten fehlen | I81: =SUM(B81:G81) -> 0
A83: Leistungsbetrag nach ET | B83: =IFERROR(ROUND(B81*($I$78/$I$81),2),0) -> 0 | C83: =IFERROR(ROUND(C81*($I$78/$I$81),2),0) -> 0 | D83: =IFERROR(ROUND(D81*($I$78/$I$81),2),0) -> 0 | E83: =IFERROR(ROUND(E81*($I$78/$I$81),2),0) -> 0 | F83: =IFERROR(ROUND(F81*($I$78/$I$81),2),0) -> 0 | G83: =IFERROR(ROUND(G81*($I$78/$I$81),2),0) -> 0 | I83: =SUM(B83:G83) -> 0
A85: Ausgleich Rundungsdifferenz | B85: =IFERROR(ROUND($I$67*#REF!,2),0) -> 0 | C85: =IFERROR(ROUND($I$67*#REF!,2),0) -> 0 | D85: =IFERROR(ROUND($I$67*#REF!,2),0) -> 0 | E85: =IFERROR(ROUND($I$67*#REF!,2),0) -> 0 | F85: =IFERROR(ROUND($I$67*#REF!,2),0) -> 0 | G85: =IFERROR(ROUND($I$67*#REF!,2),0) -> 0 | I85: =I83-I78 -> #DIV/0!
A86: verbleiben | B86: =SUM(B83:B85) -> 0 | C86: =SUM(C83:C85) -> 0 | D86: =SUM(D83:D85) -> 0 | E86: =SUM(E83:E85) -> 0 | F86: =SUM(F83:F85) -> 0 | G86: =SUM(G83:G85) -> 0 | I86: =SUM(B86:G86) -> 0
A90: Gesamtleistungsbetrag nach Stufe 1-3 nach Energieträgern
B92: Erdgas | C92: Fernwärme | D92: Strom | E92: ='Stufe 2 und 3'!$H$20 -> And. Energieträger 1 | F92: ='Stufe 2 und 3'!$J$20 -> And. Energieträger 2 | G92: ='Stufe 2 und 3'!$L$20 -> And. Energieträger 3
B93: =B48+B68+B86 -> 0 | C93: =C48+C68+C86 -> 0 | D93: =D48+D68+D86 -> 0 | E93: =E48+E68+E86 -> 0 | F93: =F48+F68+F86 -> 0 | G93: =G48+G68+G86 -> 0 | I93: =SUM(B93:G93) -> 0
G95: Kontrollsumme | I95: =I48+I68+I78 -> #DIV/0!
G96: Vorauss. Leistungsbetrag | I96: =Ergebnis!C18 -> Dateneingabe fehlt
G97: Differenz | I97: =I95-I96 -> #DIV/0!
A99: Daten zu den Zeiträumen
A100: Umsatz_2021 | B100: =Betriebsstätten!P37 -> 0 | D100: Umsatz 2021
A101: LZ_Umsatz | B101: =Betriebsstätten!Q37 -> 0 | D101: Umsatz im LZ (Gesamtjahr 2022)
A102: EK_2021 | B102: =Betriebsstätten!P38 -> 0 | D102: Energiekosten 2021 gesamt (inkl. Weiterverkaufsfälle)
A103: LZ_EK | B103: =Betriebsstätten!Q38 -> 0 | D103: Energiekosten LZ gesamt (Gesamtjahr 2022 inkl. Weiterverkaufsfälle)
A104: LZ_Stl_Ergebnis | B104: ='Stufe 2 und 3'!B50 -> 0 | D104: Steuerliches Ergebnis LZ
A105: Leist_Stufe1 | B105: =I48 -> 0 | D105: Leistungsbetrag Stufe 1
A106: Leist_Stufe2 | B106: =I68 -> 0 | D106: Leistungsbetrag Stufe 2
A107: Leist_Stufe3 | B107: =I86 -> 0 | D107: Leistungsbetrag Stufe 3
A109: Zusätzliche Daten zur Evaluierung
A110: Wz_MischB | B110: =IF(Stammdaten!BF25=1,"Ja","Nein") -> Nein | D110: Mischbetrieb
A111: UT_MA | B111: =Stammdaten!AE80 -> 0 | D111: Mitarb.-Vollzeitäquivalente
A112: Verb_UN | B112: =IF(Stammdaten!BI64=1,"ja","Nein") -> Nein | D112: Verbundenes Unternehmen
A113: Anz_BSt | B113: <personell> | D113: Anzahl sächs. Betriebsstätten
A114: DezH_Gas | B114: =Stammdaten!AE85 -> 0 | D114: Dezemberhilfe-Gas
A115: DezH_Fernw | B115: =Stammdaten!AE87 -> 0 | D115: Dezemberhilfe-Fernwärme
A116: SMWA_Wechsel | B116: =IF(Stammdaten!AE89=0,"",Stammdaten!AE89) | D116: Wechsel von Gas/Strom in 2022
A117: SMWA_Eigenproduktion | B117: =IF(Stammdaten!AE92=0,"",Stammdaten!AE92) | D117: Eigenproduktion Wärme aus eE
A118: SMWA_Abnahme | B118: =IF(Stammdaten!AE94=0,"",Stammdaten!AE94) | D118: Abnahme Strom/Gas andere Betriebe eE
A119: SMWA_eE_Strom | B119: =Stammdaten!AE97 -> 0 | D119: In 2022 erzeugter Strom aus eE
A120: SMWA_Invest | B120: =Stammdaten!AE99 -> 0 | D120: Vorauss. Investitionsvolumen eE 22-24

Sheet I_SV
A1: Auswahlliste 1 | C1: Auswahlliste 2 | F1: Rechtsformen | K1: Steuernummer | P1: Größeneinteilung
G2: Nr | H2: Register | I2: Eingabe
A3: Ja | C3: Kilogramm (kg) | F3: Natürliche Person (ohne Eintragung ins Handelsregister) | G3: 1 | H3: 0 | I3: 0 | K3: Ertragsbesteuerung (ESt, KSt, GewStMB) | P3: Kleinstbetrieb | Q3: 1
A4: Nein | C4: Zentner (ztr) | F4: Natürliche Person (mit Eintragung ins Handelsregister, e. K.) | G4: 2 | H4: 1 | I4: 0 | K4: Gesonderte (u. einheitl.) Feststellung | P4: Kleinbetrieb | Q4: 2
C5: Tonne (t) | F5: Offene Handelsgesellschaft (OHG) | G5: 3 | H5: 1 | I5: 0 | K5: Umsatzbesteuerung | P5: Mittelbetrieb | Q5: 3
C6: Kubikmeter (m³) | F6: Kommanditgesellschaft (KG) | G6: 4 | H6: 1 | I6: 0 | K6: Ertrags- und Umsatzbesteuerung | P6: Großbetrieb | Q6: 4
C7: Liter (l) | F7: Gesellschaft mit beschränkter Haftung & Co. Kommanditgesellschaft (GmbH & Co. KG) | G7: 5 | H7: 1 | I7: 0 | K7: Feststellung und Umsatzbesteuerung ggf. GewStMB
C8: Holz: Festmeter | F8: nicht eingetragene Gesellschaft des bürgerlichen Rechts (nicht eingetragene GbR) | G8: 6 | H8: 0 | I8: 0
C9: Holz: Raummeter | F9: eingetragene Gesellschaft des bürgerlichen Rechts (eGbR) | G9: 7 | H9: 1 | I9: 0 | K9: Form der Gewinnermittlung
C10: Holz: Schüttraummeter | F10: Gemeinschaft (z.B. Erben-, Grundstücks-, Haushalts-) | G10: 8 | H10: 0 | I10: 0
C11: Sonstige | F11: Partnerschaftsgesellschaft (PartG) | G11: 9 | H11: 1 | I11: 0 | K11: Steuerbilanz/Handelsbilanz m. Überleitung | L11: 1
F12: eingetragener Verein (e.V.) | G12: 10 | H12: 1 | I12: 0 | K12: Einnahme-Überschuss-Rechnung | L12: 2
F13: Wirtschaftlicher Verein | G13: 11 | H13: 0 | I13: 0 | K13: Nach Durchschnittssätzen (§ 13a EStG) | L13: 3
F14: Gesellschaft mit beschränkter Haftung (GmbH) | G14: 12 | H14: 1 | I14: 0
A15: Auswahl Betriebsstätten | F15: gemeinnützige Gesellschaft mit beschränkter Haftung (gGmbH) | G15: 13 | H15: 1 | I15: 0 | K15: Zeile 33
F16: Unternehmergesellschaft (haftungsbeschränkt) (UG (haftungsbeschränkt)) | G16: 14 | H16: 1 | I16: 0 | K16: 1 | L16: (§) Anteiliges Ergebnis Steuerbilanz/Überleitungsr. o. außerbilanzielle Korrekturen
A17: Antragsteller | F17: Aktiengesellschaft (AG) | G17: 15 | H17: 1 | I17: 0 | K17: 2 | L17: (§) Betriebseinnahmen (entsprechend Zeile 159 d. Anlage EÜR)
A18: Verbundenes Unternehmen 1 | F18: Investmentaktiengesellschaft (InvAG) | G18: 16 | H18: 1 | I18: 0 | K18: 3 | L18: (§) Steuerpflichtiger Gewinn (entsprechend Zeile 99 der Anlage 13a)
A19: Verbundenes Unternehmen 2 | F19: Europäische Aktiengesellschaft (SE) | G19: 17 | H19: 1 | I19: 0
A20: Verbundenes Unternehmen 3 | F20: Kommanditgesellschaft auf Aktien (KGaA) | G20: 18 | H20: 1 | I20: 0
A21: Verbundenes Unternehmen 4 | F21: rechtsfähige Stiftung des Privatrechts | G21: 19 | H21: 1 | I21: 0 | K21: Zeile 34
A22: Verbundenes Unternehmen 5 | F22: rechtsfähige Stiftung des öffentlichen Rechts | G22: 20 | H22: 1 | I22: 0 | K22: 1
F23: eingetragene Genossenschaft (eG) | G23: 21 | H23: 1 | I23: 0 | K23: 2 | L23: (§) Betriebsausgaben (entsprechend Zeile 88 d. Anlage EÜR)
A24: Auswahl Art der Betriebsstätte | F24: Versicherungsverein auf Gegenseitigkeit (VVaG) | G24: 22 | H24: 1 | I24: 0 | K24: 3
F25: Ausländische Rechtsform | G25: 23 | H25: 1 | I25: 1
A26: Stätte der Geschäftsleitung | F26: Sonstige Rechtsform | G26: 24 | H26: 1 | I26: 1
A27: Zweigniederlassung | K27: Zeile 35
A28: Geschäftsstelle | K28: 1
A29: Fabrikations- oder Werkstätte | K29: 2 | L29: (§) Ergebnisanteile aus Beteiligungen an Personengesellschaften
A30: Warenlager | K30: 3
A31: Ein- oder Verkaufsstelle
A32: Bergwerk, Steinbruch oder andere Stätte zur Gewinnung von Bodenschätzen | K32: Zeile 36
A33: Bauausführung oder Montage | K33: 1
K34: 2 | L34: (§) Gewerbesteuer, soweit gewerbesteuerpflichtig
A35: Auswahl Trennung | K35: 3
A37: Gesonderte Buchführung | B37: 1
A38: Kosten- und Leistungsrechnung | B38: 2
A39: Hilfsweise: Zerlegung Gewerbesteuermessbetrag | B39: 3
A40: Nur sächsische Betriebsstätten ohne Weiterverkauf | B40: 4

Sheet WZ
A1: Abschnitte
A2: A - Land- und Forstwirtschaft, Fischerei
A3: B - Bergbau und Gewinnung von Steinen und Erden
A4: C - Verarbeitendes Gewerbe
A5: D - Energieversorgung
A6: E - Wasserversorgung; Abwasser- und Abfallentsorgung und Beseitigung von Umweltverschmutzungen
A7: F - Baugewerbe
A8: G - Handel; Instandhaltung und Reparatur von Kraftfahrzeugen
A9: H - Verkehr und Lagerei
A10: I - Gastgewerbe
A11: J - Information und Kommunikation
A12: K - Erbringung von Finanz- und Versicherungsdienstleistungen
... A19: S - Erbringung von sonstigen Dienstleistungen
A21: Auswahl | B21: =Stammdaten!BG9 -> 0
A23: A - Land- und Forstwirtschaft, Fischerei | B23: 01 - Landwirtschaft, Jagd und damit verbundene Tätigkeiten | D23: {=_xlfn.AGGREGATE(15,6,ROW($A$23:$A$107)/(FIND($B$21,$A$23:$A$107,1)>0),ROW()-22)} -> #NUM! | E23: =IFERROR(INDEX($A$23:$B$107,D23-22,2),"")
A24: A - Land- und Forstwirtschaft, Fischerei | B24: 02 - Forstwirtschaft und Holzeinschlag | D24: {=_xlfn.AGGREGATE(15,6,ROW($A$23:$A$107)/(FIND($B$21,$A$23:$A$107,1)>0),ROW()-22)} -> #NUM! | E24: {=IFERROR(INDEX($A$23:$B$107,D24-22,2),"")}
A25: A - Land- und Forstwirtschaft, Fischerei | B25: 03 - Fischerei und Aquakultur | D25: {=_xlfn.AGGREGATE(15,6,ROW($A$23:$A$107)/(FIND($B$21,$A$23:$A$107,1)>0),ROW()-22)} -> #NUM! | E25: {=IFERROR(INDEX($A$23:$B$107,D25-22,2),"")}
A26: B - Bergbau und Gewinnung von Steinen und Erden | B26: 05 - Kohlenbergbau | D26: {=_xlfn.AGGREGATE(15,6,ROW($A$23:$A$107)/(FIND($B$21,$A$23:$A$107,1)>0),ROW()-22)} -> #NUM! | E26: {=IFERROR(INDEX($A$23:$B$107,D26-22,2),"")}
A27: B - Bergbau und Gewinnung von Steinen und Erden | B27: 06 - Gewinnung von Erdöl und Erdgas | D27: {=_xlfn.AGGREGATE(15,6,ROW($A$23:$A$107)/(FIND($B$21,$A$23:$A$107,1)>0),ROW()-22)} -> #NUM! | E27: {=IFERROR(INDEX($A$23:$B$107,D27-22,2),"")}
A28: B - Bergbau und Gewinnung von Steinen und Erden | B28: 07 - Erzbergbau | D28: {=_xlfn.AGGREGATE(15,6,ROW($A$23:$A$107)/(FIND($B$21,$A$23:$A$107,1)>0),ROW()-22)} -> #NUM! | E28: {=IFERROR(INDEX($A$23:$B$107,D28-22,2),"")}
A29: B - Bergbau und Gewinnung von Steinen und Erden | B29: 08 - Gewinnung von Steinen und Erden, sonstiger Bergbau | D29: {=_xlfn.AGGREGATE(15,6,ROW($A$23:$A$107)/(FIND($B$21,$A$23:$A$107,1)>0),ROW()-22)} -> #NUM! | E29: {=IFERROR(INDEX($A$23:$B$107,D29-22,2),"")}
A30: B - Bergbau und Gewinnung von Steinen und Erden | B30: 09 - Erbringung von Dienstleistungen für den Bergbau und für die Gewinnung von Steinen und Erden | D30: {=_xlfn.AGGREGATE(15,6,ROW($A$23:$A$107)/(FIND($B$21,$A$23:$A$107,1)>0),ROW()-22)} -> #NUM! | E30: =IFERROR(INDEX($A$23:$B$107,D30-22,2),"Bitte nach oben scrollen") -> Bitte nach oben scrollen
A31: C - Verarbeitendes Gewerbe | B31: 10 - Herstellung von Nahrungs- und Futtermitteln | D31: {=_xlfn.AGGREGATE(15,6,ROW($A$23:$A$107)/(FIND($B$21,$A$23:$A$107,1)>0),ROW()-22)} -> #NUM! | E31: {=IFERROR(INDEX($A$23:$B$107,D31-22,2),"")}
A32: C - Verarbeitendes Gewerbe | B32: 11 - Getränkeherstellung | D32: {=_xlfn.AGGREGATE(15,6,ROW($A$23:$A$107)/(FIND($B$21,$A$23:$A$107,1)>0),ROW()-22)} -> #NUM! | E32: {=IFERROR(INDEX($A$23:$B$107,D32-22,2),"")}
A33: C - Verarbeitendes Gewerbe | B33: 12 - Tabakverarbeitung | D33: {=_xlfn.AGGREGATE(15,6,ROW($A$23:$A$107)/(FIND($B$21,$A$23:$A$107,1)>0),ROW()-22)} -> #NUM! | E33: =IFERROR(INDEX($A$23:$B$107,D33-22,2),"")
A34: C - Verarbeitendes Gewerbe | B34: 13 - Herstellung von Textilien | D34: {=_xlfn.AGGREGATE(15,6,ROW($A$23:$A$107)/(FIND($B$21,$A$23:$A$107,1)>0),ROW()-22)} -> #NUM! | E34: {=IFERROR(INDEX($A$23:$B$107,D34-22,2),"")}
A35: C - Verarbeitendes Gewerbe | B35: 14 - Herstellung von Bekleidung | D35: {=_xlfn.AGGREGATE(15,6,ROW($A$23:$A$107)/(FIND($B$21,$A$23:$A$107,1)>0),ROW()-22)} -> #NUM! | E35: {=IFERROR(INDEX($A$23:$B$107,D35-22,2),"")}
A36: C - Verarbeitendes Gewerbe | B36: 15 - Herstellung von Leder, Lederwaren und Schuhen | D36: {=_xlfn.AGGREGATE(15,6,ROW($A$23:$A$107)/(FIND($B$21,$A$23:$A$107,1)>0),ROW()-22)} -> #NUM! | E36: {=IFERROR(INDEX($A$23:$B$107,D36-22,2),"")}
A37: C - Verarbeitendes Gewerbe | B37: 16 - Herstellung von Holz-, Flecht-, Korb- und Korkwaren (ohne Möbel) | D37: {=_xlfn.AGGREGATE(15,6,ROW($A$23:$A$107)/(FIND($B$21,$A$23:$A$107,1)>0),ROW()-22)} -> #NUM! | E37: {=IFERROR(INDEX($A$23:$B$107,D37-22,2),"")}
A38: C - Verarbeitendes Gewerbe | B38: 17 - Herstellung von Papier, Pappe und Waren daraus | D38: {=_xlfn.AGGREGATE(15,6,ROW($A$23:$A$107)/(FIND($B$21,$A$23:$A$107,1)>0),ROW()-22)} -> #NUM! | E38: {=IFERROR(INDEX($A$23:$B$107,D38-22,2),"")}
A39: C - Verarbeitendes Gewerbe | B39: 18 - Herstellung von Druckerzeugnissen; Vervielfältigung von bespielten Ton-, Bild- und Datenträgern | D39: {=_xlfn.AGGREGATE(15,6,ROW($A$23:$A$107)/(FIND($B$21,$A$23:$A$107,1)>0),ROW()-22)} -> #NUM! | E39: {=IFERROR(INDEX($A$23:$B$107,D39-22,2),"")}
A40: C - Verarbeitendes Gewerbe | B40: 19 - Kokerei und Mineralölverarbeitung | D40: {=_xlfn.AGGREGATE(15,6,ROW($A$23:$A$107)/(FIND($B$21,$A$23:$A$107,1)>0),ROW()-22)} -> #NUM! | E40: {=IFERROR(INDEX($A$23:$B$107,D40-22,2),"")}
A41: C - Verarbeitendes Gewerbe | B41: 20 - Herstellung von chemischen Erzeugnissen | D41: {=_xlfn.AGGREGATE(15,6,ROW($A$23:$A$107)/(FIND($B$21,$A$23:$A$107,1)>0),ROW()-22)} -> #NUM! | E41: {=IFERROR(INDEX($A$23:$B$107,D41-22,2),"")}
A42: C - Verarbeitendes Gewerbe | B42: 21 - Herstellung von pharmazeutischen Erzeugnissen | D42: {=_xlfn.AGGREGATE(15,6,ROW($A$23:$A$107)/(FIND($B$21,$A$23:$A$107,1)>0),ROW()-22)} -> #NUM! | E42: {=IFERROR(INDEX($A$23:$B$107,D42-22,2),"")}
A43: C - Verarbeitendes Gewerbe | B43: 22 - Herstellung von Gummi- und Kunststoffwaren | D43: {=_xlfn.AGGREGATE(15,6,ROW($A$23:$A$107)/(FIND($B$21,$A$23:$A$107,1)>0),ROW()-22)} -> #NUM! | E43: {=IFERROR(INDEX($A$23:$B$107,D43-22,2),"")}
A44: C - Verarbeitendes Gewerbe | B44: 23 - Herstellung von Glas und Glaswaren, Keramik, Verarbeitung von Steinen und Erden | D44: {=_xlfn.AGGREGATE(15,6,ROW($A$23:$A$107)/(FIND($B$21,$A$23:$A$107,1)>0),ROW()-22)} -> #NUM! | E44: {=IFERROR(INDEX($A$23:$B$107,D44-22,2),"")}
A45: C - Verarbeitendes Gewerbe | B45: 24 - Metallerzeugung und -bearbeitung | D45: {=_xlfn.AGGREGATE(15,6,ROW($A$23:$A$107)/(FIND($B$21,$A$23:$A$107,1)>0),ROW()-22)} -> #NUM! | E45: {=IFERROR(INDEX($A$23:$B$107,D45-22,2),"")}
A46: C - Verarbeitendes Gewerbe | B46: 25 - Herstellung von Metallerzeugnissen | D46: {=_xlfn.AGGREGATE(15,6,ROW($A$23:$A$107)/(FIND($B$21,$A$23:$A$107,1)>0),ROW()-22)} -> #NUM! | E46: {=IFERROR(INDEX($A$23:$B$107,D46-22,2),"")}
A47: C - Verarbeitendes Gewerbe | B47: 26 - Herstellung von Datenverarbeitungsgeräten, elektronischen und optischen Erzeugnissen
A48: C - Verarbeitendes Gewerbe | B48: 27 - Herstellung von elektrischen Ausrüstungen
A49: C - Verarbeitendes Gewerbe | B49: 28 - Maschinenbau
A50: C - Verarbeitendes Gewerbe | B50: 29 - Herstellung von Kraftwagen und Kraftwagenteilen
A51: C - Verarbeitendes Gewerbe | B51: 30 - Sonstiger Fahrzeugbau
A52: C - Verarbeitendes Gewerbe | B52: 31 - Herstellung von Möbeln
A53: C - Verarbeitendes Gewerbe | B53: 32 - Herstellung von sonstigen Waren
A54: C - Verarbeitendes Gewerbe | B54: 33 - Reparatur und Installation von Maschinen und Ausrüstungen
A55: D - Energieversorgung | B55: 35 - Energieversorgung
A56: E - Wasserversorgung; Abwasser- und Abfallentsorgung und Beseitigung von Umweltverschmutzungen | B56: 36 - Wasserversorgung
A57: E - Wasserversorgung; Abwasser- und Abfallentsorgung und Beseitigung von Umweltverschmutzungen | B57: 37 - Abwasserentsorgung
A58: E - Wasserversorgung; Abwasser- und Abfallentsorgung und Beseitigung von Umweltverschmutzungen | B58: 38 - Sammlung, Behandlung und Beseitigung von Abfällen; Rückgewinnung
... A107: S – ERBRINGUNG VON SONSTIGEN DIENSTLEISTUNGEN | B107: 96 Erbringung von sonstigen überwiegend persönlichen Dienstleistungen
A109: Auswahl | B109: =IF(Stammdaten!I11="","",Stammdaten!I11)
A112: Obergruppe | B112: Gruppe
A113: 01 - Landwirtschaft, Jagd und damit verbundene Tätigkeiten | B113: 01.1 - Anbau einjähriger Pflanzen | D113: =IF($B$109="","",_xlfn.AGGREGATE(15,6,ROW($A$113:$A$381)/(FIND($B$109,$A$113:$A$381,1)>0),ROW()-112)) | E113: =IFERROR(INDEX($A$113:$B$403,D113-112,2),"")
A114: 01 - Landwirtschaft, Jagd und damit verbundene Tätigkeiten | B114: 01.2 - Anbau mehrjähriger Pflanzen | D114: =IF($B$109="","",_xlfn.AGGREGATE(15,6,ROW($A$113:$A$381)/(FIND($B$109,$A$113:$A$381,1)>0),ROW()-112)) | E114: =IFERROR(INDEX($A$113:$B$403,D114-112,2),"")
A115: 01 - Landwirtschaft, Jagd und damit verbundene Tätigkeiten | B115: 01.3 - Betrieb von Baumschulen, sowie Anbau von Pflanzen zu Vermehrungszwecken | D115: =IF($B$109="","",_xlfn.AGGREGATE(15,6,ROW($A$113:$A$381)/(FIND($B$109,$A$113:$A$381,1)>0),ROW()-112)) | E115: =IFERROR(INDEX($A$113:$B$403,D115-112,2),"")
A116: 01 - Landwirtschaft, Jagd und damit verbundene Tätigkeiten | B116: 01.4 - Tierhaltung | D116: =IF($B$109="","",_xlfn.AGGREGATE(15,6,ROW($A$113:$A$381)/(FIND($B$109,$A$113:$A$381,1)>0),ROW()-112)) | E116: =IFERROR(INDEX($A$113:$B$403,D116-112,2),"")
A117: 01 - Landwirtschaft, Jagd und damit verbundene Tätigkeiten | B117: 01.5 - Gemischte Landwirtschaft | D117: =IF($B$109="","",_xlfn.AGGREGATE(15,6,ROW($A$113:$A$381)/(FIND($B$109,$A$113:$A$381,1)>0),ROW()-112)) | E117: =IFERROR(INDEX($A$113:$B$403,D117-112,2),"")
A118: 01 - Landwirtschaft, Jagd und damit verbundene Tätigkeiten | B118: 01.6 - Erbringung von landwirtschaftlichen Dienstleistungen | D118: =IF($B$109="","",_xlfn.AGGREGATE(15,6,ROW($A$113:$A$381)/(FIND($B$109,$A$113:$A$381,1)>0),ROW()-112)) | E118: =IFERROR(INDEX($A$113:$B$403,D118-112,2),"")
A119: 01 - Landwirtschaft, Jagd und damit verbundene Tätigkeiten | B119: 01.7 - Jagd, Fallenstellerei und damit verbundene Tätigkeiten | D119: =IF($B$109="","",_xlfn.AGGREGATE(15,6,ROW($A$113:$A$381)/(FIND($B$109,$A$113:$A$381,1)>0),ROW()-112)) | E119: =IFERROR(INDEX($A$113:$B$403,D119-112,2),"")
A120: 02 - Forstwirtschaft und Holzeinschlag | B120: 02.1 - Forstwirtschaft | D120: =IF($B$109="","",_xlfn.AGGREGATE(15,6,ROW($A$113:$A$381)/(FIND($B$109,$A$113:$A$381,1)>0),ROW()-112)) | E120: =IFERROR(INDEX($A$113:$B$403,D120-112,2),"Bitte nach oben scrollen") -> Bitte nach oben scrollen
A121: 02 - Forstwirtschaft und Holzeinschlag | B121: 02.2 - Holzeinschlag | D121: =IF($B$109="","",_xlfn.AGGREGATE(15,6,ROW($A$113:$A$381)/(FIND($B$109,$A$113:$A$381,1)>0),ROW()-112)) | E121: =IFERROR(INDEX($A$113:$B$403,D121-112,2),"")
A122: 02 - Forstwirtschaft und Holzeinschlag | B122: 02.3 - Sammeln von wild wachsenden Produkten (ohne Holz) | D122: =IF($B$109="","",_xlfn.AGGREGATE(15,6,ROW($A$113:$A$381)/(FIND($B$109,$A$113:$A$381,1)>0),ROW()-112)) | E122: =IFERROR(INDEX($A$113:$B$403,D122-112,2),"")
A123: 02 - Forstwirtschaft und Holzeinschlag | B123: 02.4 - Erbringung von Dienstleistungen für Forstwirtschaft und Holzeinschlag | D123: =IF($B$109="","",_xlfn.AGGREGATE(15,6,ROW($A$113:$A$381)/(FIND($B$109,$A$113:$A$381,1)>0),ROW()-112)) | E123: =IFERROR(INDEX($A$113:$B$403,D123-112,2),"")
A124: 03 - Fischerei und Aquakultur | B124: 03.1 - Fischerei | D124: =IF($B$109="","",_xlfn.AGGREGATE(15,6,ROW($A$113:$A$381)/(FIND($B$109,$A$113:$A$381,1)>0),ROW()-112)) | E124: =IFERROR(INDEX($A$113:$B$403,D124-112,2),"")
A125: 03 - Fischerei und Aquakultur | B125: 03.2 - Aquakultur | D125: =IF($B$109="","",_xlfn.AGGREGATE(15,6,ROW($A$113:$A$381)/(FIND($B$109,$A$113:$A$381,1)>0),ROW()-112)) | E125: =IFERROR(INDEX($A$113:$B$403,D125-112,2),"")
A126: 05 - Kohlenbergbau | B126: 05.1 - Steinkohlenbergbau | D126: =IF($B$109="","",_xlfn.AGGREGATE(15,6,ROW($A$113:$A$381)/(FIND($B$109,$A$113:$A$381,1)>0),ROW()-112)) | E126: =IFERROR(INDEX($A$113:$B$403,D126-112,2),"")
A127: 05 - Kohlenbergbau | B127: 05.2 - Braunkohlenbergbau | D127: =IF($B$109="","",_xlfn.AGGREGATE(15,6,ROW($A$113:$A$381)/(FIND($B$109,$A$113:$A$381,1)>0),ROW()-112)) | E127: =IFERROR(INDEX($A$113:$B$403,D127-112,2),"")
A128: 06 - Gewinnung von Erdöl und Erdgas | B128: 06.1 - Gewinnung von Erdöl | D128: =IF($B$109="","",_xlfn.AGGREGATE(15,6,ROW($A$113:$A$381)/(FIND($B$109,$A$113:$A$381,1)>0),ROW()-112)) | E128: =IFERROR(INDEX($A$113:$B$403,D128-112,2),"")
A129: 06 - Gewinnung von Erdöl und Erdgas | B129: 06.2 - Gewinnung von Erdgas | D129: =IF($B$109="","",_xlfn.AGGREGATE(15,6,ROW($A$113:$A$381)/(FIND($B$109,$A$113:$A$381,1)>0),ROW()-112)) | E129: =IFERROR(INDEX($A$113:$B$403,D129-112,2),"")
A130: 07 - Erzbergbau | B130: 07.1 - Eisenerzbergbau | D130: =IF($B$109="","",_xlfn.AGGREGATE(15,6,ROW($A$113:$A$381)/(FIND($B$109,$A$113:$A$381,1)>0),ROW()-112)) | E130: =IFERROR(INDEX($A$113:$B$403,D130-112,2),"")
A131: 07 - Erzbergbau | B131: 07.2 - NE-Metallerzbergbau | D131: =IF($B$109="","",_xlfn.AGGREGATE(15,6,ROW($A$113:$A$381)/(FIND($B$109,$A$113:$A$381,1)>0),ROW()-112)) | E131: =IFERROR(INDEX($A$113:$B$403,D131-112,2),"")
A132: 08 - Gewinnung von Steinen und Erden, sonstiger Bergbau | B132: 08.1 - Gewinnung von Natursteinen, Kies, Sand, Ton und Kaolin | D132: =IF($B$109="","",_xlfn.AGGREGATE(15,6,ROW($A$113:$A$381)/(FIND($B$109,$A$113:$A$381,1)>0),ROW()-112)) | E132: =IFERROR(INDEX($A$113:$B$403,D132-112,2),"")
A133: 08 - Gewinnung von Steinen und Erden, sonstiger Bergbau | B133: 08.9 - Sonstiger Bergbau; Gewinnung von Steinen und Erden a. n. g. | E133: =IFERROR(INDEX($A$113:$B$403,D133-112,2),"")
A134: 09 - Erbringung von Dienstleistungen für den Bergbau und für die Gewinnung von Steinen und Erden | B134: 09.1 - Erbringung von Dienstleistungen für die Gewinnung von Erdöl und Erdgas | E134: =IFERROR(INDEX($A$113:$B$403,D134-112,2),"")
A135: 09 - Erbringung von Dienstleistungen für den Bergbau und für die Gewinnung von Steinen und Erden | B135: 09.9 - Erbringung von Dienstleistungen für den sonstigen Bergbau und die Gewinnung von Steinen und Erden | E135: =IFERROR(INDEX($A$113:$B$403,D135-112,2),"")
A136: 10 - Herstellung von Nahrungs- und Futtermitteln | B136: 10.1 - Schlachten und Fleischverarbeitung | E136: =IFERROR(INDEX($A$113:$B$403,D136-112,2),"")
A137: 10 - Herstellung von Nahrungs- und Futtermitteln | B137: 10.2 - Fischverarbeitung | E137: =IFERROR(INDEX($A$113:$B$403,D137-112,2),"")
A138: 10 - Herstellung von Nahrungs- und Futtermitteln | B138: 10.3 - Obst- und Gemüseverarbeitung | E138: =IFERROR(INDEX($A$113:$B$403,D138-112,2),"")
A139: 10 - Herstellung von Nahrungs- und Futtermitteln | B139: 10.4 - Herstellung von pflanzlichen und tierischen Ölen und Fetten | E139: =IFERROR(INDEX($A$113:$B$403,D139-112,2),"")
A140: 10 - Herstellung von Nahrungs- und Futtermitteln | B140: 10.5 - Milchverarbeitung | E140: =IFERROR(INDEX($A$113:$B$403,D140-112,2),"")
A141: 10 - Herstellung von Nahrungs- und Futtermitteln | B141: 10.6 - Mahl- und Schälmühlen, Herstellung von Stärke und Stärkeerzeugnissen | E141: =IFERROR(INDEX($A$113:$B$403,D141-112,2),"")
A142: 10 - Herstellung von Nahrungs- und Futtermitteln | B142: 10.7 - Herstellung von Back- und Teigwaren | E142: =IFERROR(INDEX($A$113:$B$403,D142-112,2),"")
A143: 10 - Herstellung von Nahrungs- und Futtermitteln | B143: 10.8 - Herstellung von sonstigen Nahrungsmitteln | E143: =IFERROR(INDEX($A$113:$B$403,D143-112,2),"")
A144: 10 - Herstellung von Nahrungs- und Futtermitteln | B144: 10.9 - Herstellung von Futtermitteln | E144: =IFERROR(INDEX($A$113:$B$403,D144-112,2),"")
... A381: 97 - Private Haushalte mit Hauspersonal | B381: 97.0 - Private Haushalte mit Hauspersonal | E381: =IFERROR(INDEX($A$113:$B$403,D381-112,2),"")
E382: =IFERROR(INDEX($A$113:$B$403,D382-112,2),"")
A383: Auswahl | B383: =IF(Stammdaten!I13="","",Stammdaten!I13) | E383: =IFERROR(INDEX($A$113:$B$403,D383-112,2),"")
E384: =IFERROR(INDEX($A$113:$B$403,D384-112,2),"")
A385: 01.1 - Anbau einjähriger Pflanzen | B385: 01.11 - Anbau von Getreide (ohne Reis), Hülsenfrüchten und Ölsaaten | D385: =IF($B$383="","",_xlfn.AGGREGATE(15,6,ROW($A$385:$B$995)/(FIND($B$383,$A$385:$B$995,1)>0),ROW()-384)) | E385: =IFERROR(INDEX($A$385:$B$995,D385-384,2),"")
A386: 01.1 - Anbau einjähriger Pflanzen | B386: 01.12 - Anbau von Reis | D386: =IF($B$383="","",_xlfn.AGGREGATE(15,6,ROW($A$385:$B$995)/(FIND($B$383,$A$385:$B$995,1)>0),ROW()-384)) | E386: =IFERROR(INDEX($A$385:$B$995,D386-384,2),"")
A387: 01.1 - Anbau einjähriger Pflanzen | B387: 01.13 - Anbau von Gemüse und Melonen sowie Wurzeln und Knollen | D387: =IF($B$383="","",_xlfn.AGGREGATE(15,6,ROW($A$385:$B$995)/(FIND($B$383,$A$385:$B$995,1)>0),ROW()-384)) | E387: =IFERROR(INDEX($A$385:$B$995,D387-384,2),"")
A388: 01.1 - Anbau einjähriger Pflanzen | B388: 01.14 - Anbau von Zuckerrohr | D388: =IF($B$383="","",_xlfn.AGGREGATE(15,6,ROW($A$385:$B$995)/(FIND($B$383,$A$385:$B$995,1)>0),ROW()-384)) | E388: =IFERROR(INDEX($A$385:$B$995,D388-384,2),"")
A389: 01.1 - Anbau einjähriger Pflanzen | B389: 01.15 - Anbau von Tabak | D389: =IF($B$383="","",_xlfn.AGGREGATE(15,6,ROW($A$385:$B$995)/(FIND($B$383,$A$385:$B$995,1)>0),ROW()-384)) | E389: =IFERROR(INDEX($A$385:$B$995,D389-384,2),"")
A390: 01.1 - Anbau einjähriger Pflanzen | B390: 01.16 - Anbau von Faserpflanzen | D390: =IF($B$383="","",_xlfn.AGGREGATE(15,6,ROW($A$385:$B$995)/(FIND($B$383,$A$385:$B$995,1)>0),ROW()-384)) | E390: =IFERROR(INDEX($A$385:$B$995,D390-384,2),"")
A391: 01.1 - Anbau einjähriger Pflanzen | B391: 01.19 - Anbau von sonstigen einjährigen Pflanzen | D391: =IF($B$383="","",_xlfn.AGGREGATE(15,6,ROW($A$385:$B$995)/(FIND($B$383,$A$385:$B$995,1)>0),ROW()-384)) | E391: =IFERROR(INDEX($A$385:$B$995,D391-384,2),"")
A392: 01.2 - Anbau mehrjähriger Pflanzen | B392: 01.21 - Anbau von Wein- und Tafeltrauben | D392: =IF($B$383="","",_xlfn.AGGREGATE(15,6,ROW($A$385:$B$995)/(FIND($B$383,$A$385:$B$995,1)>0),ROW()-384)) | E392: =IFERROR(INDEX($A$385:$B$995,D392-384,2),"Bitte nach oben scrollen") -> Bitte nach oben scrollen
A393: 01.2 - Anbau mehrjähriger Pflanzen | B393: 01.22 - Anbau von tropischen und subtropischen Früchten | D393: =IF($B$383="","",_xlfn.AGGREGATE(15,6,ROW($A$385:$B$995)/(FIND($B$383,$A$385:$B$995,1)>0),ROW()-384)) | E393: =IFERROR(INDEX($A$385:$B$995,D393-384,2),"")
A394: 01.2 - Anbau mehrjähriger Pflanzen | B394: 01.23 - Anbau von Zitrusfrüchten
A395: 01.2 - Anbau mehrjähriger Pflanzen | B395: 01.24 - Anbau von Kern- und Steinobst
...
